 Seeded DCSS version 0.27-a0-1140-g099f9bb0e8 (webtiles) character file.

Game seed: 16767568107801894396 (custom seed)

13552841 rocky1 the Conqueror (level 27, 194/194 HPs)
             Began as a Gargoyle Fighter on May 5, 2021.
             Was the Champion of the Shining One.
             Escaped with the Orb
             ... and 15 runes on May 10, 2021!
             The game lasted 08:55:37 (118902 turns).

rocky1 the Conqueror (Gargoyle Fighter)           Turns: 118902, Time: 08:55:38

Health: 194/194    AC: 67    Str: 32    XL:     27
Magic:  16/16      EV: 18    Int: 13    God:    the Shining One [******]
Gold:   8057       SH: 22    Dex: 14    Spells: 52/54 levels left

rFire    + + +     SeeInvis +   b - +10 broad axe of World Downfall {antimagic, rN++ Will- Str+2 SInv}
rCold    + + +     Faith    .   R - +2 shield of Resistance {rF++ rC++ Will++}
rNeg     + + +     Spirit   .   m - +8 crystal plate armour of Forking Paths {rPois rC+}
rPois    ∞         Reflect  .   (helmet restricted)
rElec    +         Harm     .   Z - +4 dragonskin cloak
rCorr    +         Rampage  ∞   V - +1 pair of gloves of Qecetwuts {rElec rN+ Slay+3}
Will     +++..     Rnd*Tele +   O - +3 pair of seven-league boots {Rampage+∞}
Stlth    ..........             f - amulet of Vitality {Regen+ HP+15}
HPRegen  1.42/turn              j - +4 ring of slaying
MPRegen  0.15/turn              g - ring of the Solstice {MP+9 Int+2 Slay+3}

@: flying, glowing, studying 4 skills
A: sickness immunity, AC +20, big wings, negative energy resistance 1,
electricity resistance, torment resistance 1, unbreathing 1, petrification
resistance, antennae 1, claws 1, hooves 1, thin skeletal structure 2, deformed
body, deterioration 1, frail 1, screaming 1, teleportitis 2, MP-powered wands
0: Orb of Zot
}: 15/15 runes: decaying, serpentine, slimy, silver, golden, iron, obsidian,
icy, bone, abyssal, demonic, glowing, magical, fiery, dark
a: Renounce Religion, Divine Shield, Cleansing Flame, Summon Divine Warrior


You escaped.
You worshipped the Shining One.
The Shining One was exalted by your worship.
You visited 18 branches of the dungeon, and saw 90 of its levels.
You visited Pandemonium 1 time, and saw 10 of its levels.
You visited the Abyss 5 times.
You also visited: Ossuary, Bailey, Ice Cave and Desolation.

You collected 21638 gold pieces.
You spent 13581 gold pieces at shops.

Inventory:

Hand Weapons
 a - a +9 eveningstar of holy wrath
 b - the +10 broad axe of World Downfall (weapon) {antimagic, rN++ Will- Str+2 SInv}
   (Okawaru gifted it to you on level 4 of the Lair of Beasts)

   It reduces the magical energy of the wielder, and disrupts the spells and
   magical abilities of those hit.
   Natural abilities and divine invocations are not affected.
   It affects your strength (+2).
   It greatly protects you from negative energy.
   It lets you see invisible.
   It decreases your willpower.
 o - the +18 lance "Wyrmbane" {slay drac, rPois rF+ rC+ AC+3}
   (You found it on level 9 of the Dungeon)

   It affects your AC (+3).
   It protects you from fire.
   It protects you from cold.
   It protects you from poison.
 I - a +5 vorpal hand crossbow
Missiles
 e - 469 bolts
 L - 8 javelins
Armour
 m - the +8 crystal plate armour of Forking Paths (worn) {rPois rC+}
   (Okawaru gifted it to you on level 1 of the Swamp)

   It protects you from cold.
   It protects you from poison.
 O - the +3 pair of seven-league boots (worn) {Rampage+∞}
   (Okawaru gifted it to you on level 2 of the Realm of Zot)
 Q - a scarf of resistance
 R - the +2 shield of Resistance (worn) {rF++ rC++ Will++}
   (You found it on level 5 of the Vaults)

   It greatly protects you from fire.
   It greatly protects you from cold.
   It greatly increases your willpower.
 V - the +1 pair of gloves of Qecetwuts (worn) {rElec rN+ Slay+3}
   (You acquired it on level 1 of the Orcish Mines)

   It affects your accuracy and damage with ranged weapons and melee attacks
   (+3).
   It insulates you from electricity.
   It protects you from negative energy.
 Z - the +4 dragonskin cloak (worn)
   (You took it off Tiamat on level 2 of the Realm of Zot)
Jewellery
 c - a ring of wizardry
 f - the amulet of Vitality (around neck) {Regen+ HP+15}
   (You took it off a royal mummy on level 3 of the Depths)

   [amulet of regeneration]

   It affects your health (+15).
   It increases your rate of health regeneration.
 g - the ring of the Solstice (right hand) {MP+9 Int+2 Slay+3}
   (You found it on level 7 of the Iron City of Dis)

   [ring of magical power]

   It affects your intelligence (+2).
   It affects your accuracy and damage with ranged weapons and melee attacks
   (+3).
   It affects your magic capacity (+9).
 j - a +4 ring of slaying (left hand)
Wands
 i - a wand of acid (60)
 n - a wand of digging (29)
 t - a wand of mindburst (95)
 E - a wand of iceblast (158)
Scrolls
 h - 5 scrolls of fear
 k - 4 scrolls of blinking
 p - 3 scrolls of silence
 y - 40 scrolls of teleportation
 C - 5 scrolls of magic mapping
 D - a scroll of enchant armour
 J - 11 scrolls of fog
Potions
 q - a potion of heal wounds
 s - 38 potions of curing
 w - 2 potions of haste
 z - 3 potions of resistance
 G - 12 potions of berserk rage
 T - 9 potions of magic
 W - 8 potions of lignification
Miscellaneous
 d - a figurine of a ziggurat
 r - a lightning rod (4/4)
 B - a phial of floods
 M - a phantom mirror


   Skills:
 O Level 27 Fighting
 - Level 16.6 Long Blades
 - Level 15.0(18.0) Axes
 - Level 15.3(18.0) Maces & Flails
 - Level 10.2(13.7) Polearms
 O Level 27 Armour
 + Level 26.0 Dodging
 - Level 1.2 Stealth
 O Level 27 Shields
 + Level 14.0 Spellcasting
 + Level 26.4 Invocations
 + Level 22.9 Evocations


You had 52 spell levels left.
You knew the following spells:

 Your Spells              Type           Power      Damage    Failure   Level
a - Blink                 Tloc           N/A        N/A       45%         2

Your spell library contained the following spells:

 Spells                   Type           Power      Damage    Failure   Level
 Animate Skeleton         Necr           18%        N/A       34%         1
 Apportation              Tloc           18%        N/A       34%         1
 Beastly Appendage        Tmut           18%        N/A       34%         1
 Corona                   Hex            10%        N/A       34%         1
 Foxfire                  Conj/Fire      36%        2x1d5     34%         1
 Freeze                   Ice            36%        1d6       34%         1
 Magic Dart               Conj           36%        1d4       34%         1
 Pain                     Necr           36%        1d5       34%         1
 Sandblast                Erth           18%        2d7       34%         1
 Shock                    Conj/Air       36%        1d5       34%         1
 Sting                    Tmut/Pois      36%        1d4       34%         1
 Summon Small Mammal      Summ           36%        N/A       34%         1
 Call Imp                 Summ           9%         N/A       45%         2
 Corpse Rot               Necr/Air       N/A        N/A       45%         2
 Ensorcelled Hibernation  Hex/Ice        18%        N/A       45%         2
 Passwall                 Tmut/Erth      7%         N/A       45%         2
 Poisonous Vapours        Pois/Air       18%        N/A       45%         2
 Searing Ray              Conj           18%        3d3       45%         2
 Slow                     Hex            9%         N/A       45%         2
 Static Discharge         Conj/Air       9%         N/A       45%         2
 Wereblood                Tmut           9%         N/A       45%         2
 Call Canine Familiar     Summ           9%         N/A       71%         3
 Confusing Touch          Hex            9%         N/A       71%         3
 Conjure Flame            Conj/Fire      9%         6-21      71%         3
 Frozen Ramparts          Ice            18%        1d3       71%         3
 Gell's Gravitas          Tloc           4%         N/A       71%         3
 Ignite Poison            Fire/Tmut/Pois 9%         N/A       71%         3
 Inner Flame              Hex/Fire       9%         N/A       71%         3
 Lesser Beckoning         Tloc           4%         N/A       71%         3
 Mephitic Cloud           Conj/Pois/Air  9%         N/A       71%         3
 Ozocubu's Armour         Ice            9%         N/A       71%         3
 Portal Projectile        Hex/Tloc       18%        N/A       71%         3
 Spider Form              Tmut/Pois      4%         N/A       71%         3
 Stone Arrow              Conj/Erth      18%        3d8       71%         3
 Summon Guardian Golem    Hex/Summ       9%         N/A       71%         3
 Swiftness                Air            9%         N/A       71%         3
 Teleport Other           Tloc           9%         N/A       71%         3
 Tukima's Dance           Hex            9%         N/A       71%         3
 Vampiric Draining        Necr           4%         2d6       71%         3
 Airstrike                Air            4%         N/A       98%         4
 Animate Armour           Summ/Erth      18%        N/A       98%         4
 Animate Dead             Necr           4%         N/A       98%         4
 Cause Fear               Hex            4%         N/A       98%         4
 Dispel Undead            Necr           9%         3d8       98%         4
 Fulminant Prism          Conj/Hex       4%         3d6       98%         4
 Hailstorm                Conj/Ice       9%         3d4       98%         4
 Ice Form                 Ice/Tmut       9%         N/A       98%         4
 Iskenderun's Mystic Bla  Conj/Tloc      9%         2d4       98%         4
 Leda's Liquefaction      Hex/Erth       4%         N/A       98%         4
 Olgreb's Toxic Radiance  Pois           9%         N/A       98%         4
 Passage of Golubria      Tloc           N/A        N/A       98%         4
 Petrify                  Tmut/Erth      9%         N/A       98%         4
 Sticky Flame             Conj/Fire      9%         2d3       98%         4
 Summon Ice Beast         Ice/Summ       9%         N/A       98%         4
 Summon Lightning Spire   Summ/Air       9%         N/A       98%         4
 Agony                    Necr           9%         N/A       100%        5
 Alistair's Intoxication  Tmut/Pois      6%         N/A       100%        5
 Bolt of Magma            Conj/Fire/Erth 4%         4d5       100%        5
 Borgnjor's Vile Clutch   Necr/Erth      4%         N/A       100%        5
 Excruciating Wounds      Necr           4%         N/A       100%        5
 Fireball                 Conj/Fire      4%         3d4       100%        5
 Hydra Form               Tmut           4%         N/A       100%        5
 Irradiate                Conj/Tmut      4%         3d15      100%        5
 Iskenderun's Battlesphe  Conj           9%         2d6       100%        5
 Lee's Rapid Deconstruct  Erth           4%         3d6*      100%        5
 Lightning Bolt           Conj/Air       4%         1d16      100%        5
 Manifold Assault         Tloc           9%         N/A       100%        5
 Metabolic Englaciation   Hex/Ice        4%         N/A       100%        5
 Silence                  Hex/Air        4%         N/A       100%        5
 Summon Forest            Summ/Tloc      4%         N/A       100%        5
 Yara's Violent Unravell  Hex/Tmut       4%         3d4       100%        5
 Conjure Ball Lightning   Conj/Air       4%         3x3d6     100%        6
 Death Channel            Necr           4%         N/A       100%        6
 Dispersal                Tloc           4%         N/A       100%        6
 Eringya's Noxious Bog    Tmut/Pois      4%         N/A       100%        6
 Freezing Cloud           Conj/Ice/Air   4%         6-21      100%        6
 Invisibility             Hex            9%         N/A       100%        6
 Iron Shot                Conj/Erth      4%         9d2       100%        6
 Shadow Creatures         Summ           N/A        N/A       100%        6
 Simulacrum               Ice/Necr       4%         N/A       100%        6
 Starburst                Conj/Fire      4%         8x6d4     100%        6
 Dragon Form              Tmut           4%         N/A       100%        7
 Haunt                    Necr/Summ      4%         N/A       100%        7
 Malign Gateway           Summ/Tloc      4%         N/A       100%        7
 Monstrous Menagerie      Summ           4%         N/A       100%        7
 Orb of Destruction       Conj           4%         9d2       100%        7
 Ozocubu's Refrigeration  Ice            4%         4d5       100%        7
 Spellforged Servitor     Conj/Summ      4%         N/A       100%        7
 Summon Hydra             Summ           4%         N/A       100%        7
 Chain Lightning          Conj/Air       4%         N/A       100%        8
 Discord                  Hex            4%         N/A       100%        8
 Disjunction              Tloc           4%         N/A       100%        8
 Ignition                 Fire           4%         3d4       100%        8
 Infestation              Necr           4%         N/A       100%        8
 Lehudib's Crystal Spear  Conj/Erth      4%         10d3      100%        8
 Summon Horrible Things   Summ           4%         N/A       100%        8
 Absolute Zero            Ice            4%         ∞         100%        9
 Dragon's Call            Summ           4%         N/A       100%        9
 Fire Storm               Conj/Fire      4%         8d1       100%        9
 Shatter                  Erth           4%         3d8*      100%        9
 Tornado                  Air            4%         N/A       100%        9
 Sublimation of Blood     Necr           Unusable   N/A       N/A         2
 Statue Form              Tmut/Erth      Unusable   N/A       N/A         6

Dungeon Overview and Level Annotations

Branches:
Dungeon (15/15)            Temple (1/1) D:5            Lair (6/6) D:8
  Swamp (4/4) Lair:3        Snake (4/4) Lair:3        Slime (5/5) Lair:6
    Orc (2/2) D:12            Elf (3/3) Orc:2        Vaults (5/5) D:14
  Crypt (3/3) Vaults:2       Tomb (3/3) Crypt:3      Depths (5/5) D:15
   Hell (visited)             Dis (7/7) Hell            Geh (7/7) Hell
    Coc (7/7) Hell            Tar (7/7) Hell            Zot (5/5) Depths:5
Ossuary (visited)          Bailey (visited)           IceCv (visited)
Desolation (visited)

Altars:
Ashenzari
Cheibriados
Dithmenos
Elyvilon
Fedhas
Gozag
Hepliaklqana
Kikubaaqudgha
Makhleb
Nemelex Xobeh
Okawaru
Qazlal
Ru
Sif Muna
Trog
Uskayaw
Vehumet
Wu Jian
Xom
Yredelemnul
Zin
The Shining One
Beogh
Jiyva
Lugonu

Shops:
D:1 !   D:2 ::!(*   D:5 [(   D:6 [(*!   D:7 !   D:11 *   Orc:2 ***[   Elf:1 (
Snake:2 (=![[   Vaults:1 *   Vaults:3 *[*!   Vaults:5 !   Crypt:1 *
Depths:1 *[!   Depths:4 :=:

Portals:
Hell: Depths:1 Depths:2 Depths:3 Depths:4 Depths:5
Abyss: Depths:2 Depths:4
Pandemonium: Depths:2 Depths:3
Ziggurat: Depths:1


Innate Abilities, Weirdness & Mutations

You are immune to sickness and miasma.
Your stone body is resilient. (AC +20)
You are immune to poison.
Your large and strong wings let you fly.
You resist negative energy. (rN+)
You are resistant to electric shocks. (rElec)
You are resistant to unholy torment.
You can survive without breathing.
You are immune to petrification.
You have a pair of small antennae on your head.
You have sharp fingernails.
You have large cloven feet.
You have a moderately thin skeletal structure. (Dex +4, Stealth++)
Armour fits poorly on your strangely shaped body.
Your body sometimes deteriorates upon taking damage.
You are frail. (-10% HP)
You occasionally shout uncontrollably at your foes.
You are sometimes teleported next to monsters.
You expend magic power (3 MP) to strengthen your wands.


Message History

The Shining One accepts your kill.
You stride towards the ice devil!
You slash the ice devil!
The ice devil is moderately wounded.
The ice devil hits you but does no damage.
You slash the ice devil!
The ice devil is heavily wounded.
You slice the ice devil!!
The ice devil is almost dead.
The ice devil hits you. The ice devil freezes you. You resist.
You block the ice devil's attack. You block the ice devil's attack.
You slash the ice devil!
You kill the ice devil!
The Shining One accepts your kill.
You feel better.
An Orb Guardian comes into view.
There is a stone staircase leading up here.
You fly upwards.
There is a stone staircase leading down here.
There is an escape hatch in the ceiling here.
A mysterious force pulls you upwards. The hatch slams shut behind you.
There is a stone staircase leading down here.
A soul eater and a torturous demonspawn come into view.
The torturous demonspawn shouts!
There is a stone staircase leading up here.
You fly upwards.
There is a stone staircase leading down here.
There is an open door here.
A soul eater comes into view.
You yell at the soul eater!
There is a stone staircase leading up here.
You fly upwards.
There is a stone staircase leading down here.
There is a stone staircase leading up here.
You fly upwards.
There is a stone staircase leading down here.
There is a staircase leading out of the dungeon here.
Char dumped successfully.
You can't go down here!
You have escaped!

# #.##......####.####.#..# #
#....................#.# #
####.....#####..####...# ## #
#..(...# #.## ##..# #. #
###.##.####.# #..#####. ##
#)##......## ##........ .#
#.#..≈≈≈≈..####..≈≈≈≈..# .#
#...≈)≈≈§§......≈≈≈≈≈≈.# .###
#...≈≈§@≈§......≈≈≈≈≈≈.# ...#
#.#.≈≈≈≈§≈......≈≈≈≈≈≈..
##.#######.#..≈§≈≈§.......≈≈≈≈..#
#.........##.......##.#.......##
##.##############..###.###.#...#
......# #..# #.# #....## #####.#
#..# #.# ###.## #.######### #..#
#.# #.# ## #.........# #..###.##
#.# #.


There were no monsters in sight!

Vanquished Creatures
  Cerebov (Pan)
  Asmodeus (Geh:7)
  the Royal Jelly (Slime:5)
  Ereshkigal (Tar:7)
  Mnoleg (Pan)
  Gloorx Vloq (Pan)
  Lom Lobon (Pan)
  Tiamat (Zot:2)
  Dispater (Dis:7)
  7 ancient liches
  5 dread liches
  2 orbs of fire (Zot:5)
  Mara (Tomb:1)
  Mennas (Pan)
  Khufu (Crypt:1)
  6 pandemonium lords
  2 juggernauts
  33 royal mummies
  Sojobo (Crypt:1)
  The ghost of Ymibon the Impregnable, a veteran MiGl of Hepliaklqana (Crypt:1)
  Boris (twice) (Crypt:3 Depths:1)
  5 Killer Klowns
  9 shard shrikes
  the Lernaean hydra (Swamp:4)
  4 curse toes
  Geryon (Hell)
  Jory (Vaults:3)
  5 golden dragons
  18 bone dragons
  A hellephant (Abyss:1)
  30 Tzitzimimeh
  4 electric golems
  14 doom hounds
  7 iron giants
  24 Brimstone Fiends
  12 Hell Sentinels
  21 tentacled monstrosities
  22 Ice Fiends
  34 Orb Guardians
  Rupert (D:13)
  Jorgrun (Elf:1)
  11 deep elf blademasters
  13 liches
  8 quicksilver dragons
  13 titans
  The ghost of EnronHubbard the Severer, an adept DDGl of Makhleb (Snake:3)
  12 deep elf master archers
  20 acid blobs
  14 ancient champions
  4 tentacled starspawn
  5 death cobs
  22 Executioners
  20 sphinxes
  15 shadow dragons
  Kirke (D:13)
  An eldritch tentacle (Tomb:3)
  5 revenants
  A storm dragon (shapeshifter) (Depths:1)
  5 warmongers (Pan)
  A thorn hunter (Swamp:2)
  12 tengu reavers
  13 storm dragons
  Donald (Orc:2)
  A daeva (Abyss:2)
  9 azure jellies
  21 fire giants
  9 nagarajas
  5 draconian monks
  17 rockslimes
  9 iron dragons
  4 blood saints (Pan)
  10 deep elf sorcerers
  13 draconian scorchers
  7 draconian knights
  5 orc warlords
  20 cacodemons
  12 vault wardens
  7 draconian shifters
  33 balrugs
  Aizul (Swamp:1)
  20 frost giants
  8 ghost moths
  6 deep elf elementalists
  6 curse skulls
  2 draconian stormcallers (Zot:2)
  23 ironbound preservers
  68 reapers
  33 war gargoyles
  2 imperial myrmidons (Desolation)
  49 very ugly things
  A stone giant (shapeshifter) (Vaults:5)
  3 elemental wellsprings
  12 quicksilver oozes
  2 ghouls
  30 stone giants
  7 draconian annihilators
  11 deep elf demonologists
  9 corrupters (Pan)
  18 green draconians
  8 purple draconians
  10 lorocyprocas
  16 vampire knights
  12 bennus
  14 black suns (Pan)
  9 deep elf annihilators
  14 black draconians
  28 red draconians
  2 halazid warlocks (Desolation)
  7 spark wasps
  7 dire elephants
  23 white draconians
  15 yellow draconians
  2 bunyips
  5 quicksilver dragon zombies
  An eidolon (Crypt:1)
  Snorg (D:13)
  29 blizzard demons
  17 ettins
  5 crystal guardians
  9 deep elf death magi
  14 green deaths
  Josephine (Lair:4)
  11 jiangshi
  28 mummy priests
  4 eleionomae
  13 yaktaur captains
  2 shambling mangroves
  11 fire dragons
  7 deep elf high priests
  28 hydras
  A kraken zombie (Coc:4)
  8 ironbound thunderhulks
  20 great orbs of eyes
  33 ice dragons
  6 ragged hierophants (Desolation)
  10 monstrous demonspawn
  Erolcha (D:11)
  9 naga warriors
  2 quicksilver dragon skeletons
  5 boulder beetles
  8 peacekeepers
  7 hell beasts
  4 spriggan air magi
  A hydra (shapeshifter) (Vaults:5)
  15 rakshasas
  16 anacondas
  35 vault guards
  2 salamander tyrants
  8 servants of whispers (Desolation)
  3 catoblepae
  8 ghost crabs
  An anaconda (shapeshifter) (Vaults:5)
  7 ironbound frosthearts
  5 death knights
  8 centaur warriors
  3 two-headed ogres
  40 dancing weapons
  8 alligators
  The ghost of Wioc the Geomancer, a journeyman OpEE of Gozag (D:12)
  2 satyrs (Abyss:3)
  13 deep troll shamans
  77 death scarabs
  11 tengu warriors
  17 vampire magi
  4 death yaks (Lair:6)
  14 titan zombies
  10 deep troll earth magi
  36 hell hogs
  8 naga sharpshooters
  5 thrashing horrors
  6 ironbound beastmasters
  14 iron golems (Dis:7)
  12 shock serpents
  48 soul eaters
  30 hell knights
  23 iron trolls
  7 orc high priests (Orc:2)
  4 spriggan berserkers (Depths:5)
  12 storm dragon zombies
  7 titan skeletons
  61 sun demons
  12 deep elf knights
  5 storm dragon skeletons
  8 golden dragon zombies
  11 shadow wraiths
  31 sixfirhies
  2 spatial maelstroms
  11 glowing orange brains
  4 goliath frogs
  3 salamander mystics
  A sea snake (Snake:4)
  77 deep trolls
  144 skeletal warriors
  6 wretched stars
  3 ghost moth zombies
  2 quicksilver dragon simulacra (Crypt:1)
  15 flayed ghosts
  A kraken simulacrum (Coc:7)
  5 torturous demonspawn
  3 death drakes
  5 infernal demonspawn (Pan)
  25 shadow demons
  A bunyip zombie (Swamp:4)
  A swamp dragon (shapeshifter) (Vaults:5)
  7 gelid demonspawn (Pan)
  7 starcursed masses (Abyss:2)
  25 wizards
  17 anaconda zombies
  23 deep elf archers
  5 shadow dragon zombies
  7 lindwurms
  11 naga ritualists
  21 ironbound convokers
  14 swamp dragons
  9 anaconda skeletons
  An obsidian statue (Crypt:1)
  5 harpies
  25 deep elf zephyrmancers
  5 golden dragon skeletons
  9 iron dragon zombies
  20 bog bodies
  42 deep elf pyromancers
  6 shining eyes
  3 wolf spider zombies
  7 frost giant zombies
  12 orc knights
  A salamander (shapeshifter) (Depths:4)
  20 phantasmal warriors
  6 oklob plants (Lair:6)
  31 necromancers
  2 orc sorcerers
  5 mana vipers
  9 salamanders
  7 worldbinders
  11 fire giant zombies
  A wolf spider (D:15)
  91 ugly things
  7 stone giant zombies
  A cyclops (shapeshifter) (Vaults:5)
  27 moths of wrath
  A tengu skeleton (Vaults:1)
  2 cyclopes
  A wolf spider (shapeshifter) (Vaults:5)
  6 shadow dragon skeletons
  4 iron dragon skeletons
  2 manticores
  45 rust devils
  Joseph (D:9)
  6 elephants
  6 will-o-the-wisps
  17 guardian serpents
  8 frost giant skeletons
  36 black mambas
  13 stone giant skeletons
  18 vault sentinels
  24 orange demons
  40 smoke demons
  9 fire giant skeletons
  An elephant slug zombie (Crypt:2)
  2 apocalypse crabs
  A minotaur zombie (Tar:6)
  11 dire elephant zombies
  6 eyes of devastation
  20 naga magi
  A gargoyle (D:12)
  2 shock serpent skeletons
  2 water nymphs (Abyss:3)
  13 titan simulacra
  7 cane toads
  13 molten gargoyles
  6 ice statues
  12 storm dragon simulacra
  Maggie (D:9)
  6 dire elephant skeletons
  3 kobold demonologists
  Psyche (D:8)
  9 rime drakes
  5 unseen horrors
  13 yaktaurs
  A yellow draconian zombie (Crypt:2)
  2 emperor scorpion zombies
  35 hellions
  13 komodo dragons
  2 sea snake zombies (Hell)
  7 tengu conjurers
  53 ice devils
  15 efreet
  2 catoblepas zombies
  62 freezing wraiths
  A white draconian skeleton (Crypt:2)
  A golden dragon simulacrum (Crypt:1)
  A red draconian skeleton (Tar:2)
  A yaktaur zombie (Vaults:1)
  5 anaconda simulacra
  51 tormentors
  16 hellwings
  20 hydra zombies
  44 red devils
  A sea snake skeleton (Hell)
  A troll (shapeshifter) (Elf:2)
  17 demonic crawlers
  10 ancient zymes
  5 trolls
  A catoblepas skeleton (Abyss:2)
  2 silent spectres
  53 guardian mummies
  A merfolk (shapeshifter) (Depths:2)
  A bloated husk (Swamp:1)
  2 harpy zombies
  A spriggan skeleton (Depths:2)
  The ghost of LadyBoffin the Ruffian, an amateur DrTm (D:3)
  2 wolf spider simulacra (Crypt:1)
  8 hydra skeletons
  A harpy skeleton (Tar:3)
  55 saltlings (Desolation)
  11 hornets
  6 tyrant leeches
  127 slime creatures
  A dream sheep (shapeshifter) (Depths:1)
  A polar bear (Lair:1)
  16 ettin zombies
  20 raiju
  10 alligator zombies
  10 dream sheep
  8 ice dragon zombies
  3 iron dragon simulacra (Crypt:1)
  8 fire dragon zombies
  2 fire giant simulacra (Crypt:1)
  7 alligator skeletons
  2 stone giant simulacra (Crypt:1)
  2 black mamba zombies
  166 flying skulls
  5 air elementals
  A dire elephant simulacrum (Coc:7)
  A vampire (D:12)
  43 shadows
  2 frost giant simulacra
  12 ynoxinuls
  10 spriggans
  22 water elementals
  13 ettin skeletons
  8 ice dragon skeletons
  11 ushabtiu
  5 fire dragon skeletons
  An elf simulacrum (Vaults:1)
  45 wraiths
  58 yaks
  3 wyverns
  4 hogs
  2 black mamba skeletons
  9 basilisks
  5 golden eyes
  21 neqoxecs
  31 fire elementals
  Grum (D:8)
  2 elf zombies
  42 large abominations
  7 vampire mosquitoes
  23 chaos spawn
  13 wargs
  7 steam dragons
  10 swamp worms
  A swamp worm (shapeshifter) (Abyss:4)
  A spatial vortex (Abyss:2)
  A gelid demonspawn zombie (Crypt:2)
  A naga (shapeshifter) (Abyss:4)
  A water nymph zombie (Crypt:1)
  11 cane toad zombies
  55 nagas
  7 hydra simulacra
  17 water moccasins
  2 floating eyes (shapeshifter)
  102 hell hounds
  A monstrous demonspawn skeleton (Geh:2)
  A two-headed ogre skeleton (Crypt:1)
  A merfolk skeleton (Tar:7)
  2 cane toad skeletons
  An ettin simulacrum (Crypt:1)
  6 ice beasts
  A manticore zombie (Coc:6)
  7 snapping turtle zombies
  4 black bears
  2 swamp dragon zombies
  A black bear (shapeshifter) (Abyss:4)
  5 ogres
  9 swamp drakes
  43 orc warriors
  2 tengu (shapeshifter) (Abyss:4)
  2 alligator simulacra
  33 necrophages
  3 ice dragon simulacra (Crypt:1)
  4 boggarts
  18 wolves
  A wolf (shapeshifter) (Vaults:5)
  6 centaurs
  2 manticore skeletons
  6 snapping turtle skeletons
  Blork the orc (D:6)
  11 phantoms
  A kobold brigand (D:8)
  A bullfrog (shapeshifter) (Abyss:4)
  A cane toad simulacrum (Crypt:1)
  3 gnoll sergeants
  13 bullfrogs
  2 yaktaur skeletons
  2 scorpions
  A water moccasin zombie (Crypt:2)
  5 earth elementals
  3 water moccasin skeletons
  The ghost of robertstho the Skirmisher, a weakling MiBe of Trog (D:3)
  7 killer bees (D:9)
  A shapeshifter zombie (Crypt:1)
  5 human simulacra
  A manticore simulacrum (Crypt:1)
  A swamp dragon simulacrum (Crypt:1)
  104 wights
  8 electric eels
  9 howler monkeys
  19 crimson imps
  3 bullfrog zombies
  5 centaur zombies
  3 quasits
  2 hounds
  A hound (shapeshifter) (Abyss:4)
  32 iron imps
  8 jellies
  6 human zombies
  35 orc priests
  A gnoll shaman (Orc:2)
  An iguana (shapeshifter) (Abyss:4)
  Jessica (D:2)
  A bullfrog skeleton (D:3)
  A centaur skeleton (D:7)
  7 iguanas
  Terence (D:3)
  17 orc wizards
  9 hell rats (Hell)
  4 human skeletons
  A spriggan simulacrum (Crypt:1)
  A killer bee zombie (D:7)
  An ogre zombie (Coc:1)
  24 small abominations
  2 tengu zombies
  3 naga zombies
  2 naga skeletons
  An ogre skeleton (Tar:1)
  A hound skeleton (D:5)
  50 mummies
  7 adders
  2 gnolls (shapeshifter) (Abyss:4)
  29 gnolls
  A howler monkey skeleton (D:6)
  23 shadow imps
  A steam dragon skeleton (Crypt:1)
  23 white imps
  10 ufetubi
  A halfling zombie (Crypt:1)
  An adder zombie (Crypt:1)
  A halfling skeleton (Crypt:2)
  A worm (D:3)
  4 dart slugs
  93 orcs
  6 spectral bats (Ossuary)
  8 ball pythons
  3 endoplasms
  A giant cockroach (shapeshifter) (Abyss:4)
  4 giant cockroaches
  12 gnoll zombies (Ossuary)
  29 goblins
  22 hobgoblins
  11 jackals (D:1)
  11 kobolds
  6 quokkas
  10 bats
  4 bat simulacra (Ossuary)
  A frilled lizard (D:1)
  A giant cockroach zombie (Crypt:1)
  6 goblin simulacra (Ossuary)
  10 goblin zombies (Ossuary)
  A hobgoblin zombie (Ossuary)
  A jackal skeleton (Crypt:1)
  3 kobold simulacra (Ossuary)
  2 kobold skeletons
  3 kobold zombies
  7 orc zombies
  A quokka skeleton (Crypt:2)
  5 rats
  3 rat simulacra (Ossuary)
  4 spectral goblins (Ossuary)
  3 spectral kobolds (Ossuary)
  4 spectral rats (Ossuary)
  4 ball lightnings (Pan)
  A butterfly (Lair:4)
  14 fire vortices (Pan)
  4 starspawn tentacles
5773 creatures vanquished.

Vanquished Creatures (collateral kills)
  2 royal mummies (Tomb:3)
  A lich (Tomb:1)
  4 mummy priests
  4 death scarabs (Tomb:1)
  A skeletal warrior (Tomb:1)
  4 guardian mummies (Tomb:3)
  An ushabti (Tomb:3)
  A mummy (Tomb:1)
18 creatures vanquished.

Vanquished Creatures (others)
  Antaeus (Coc:7)
  An ancient lich (Vaults:5)
  A titan (Zot:3)
  A draconian stormcaller (Zot:5)
  An elemental wellspring (Coc:7)
  A blood saint (Pan)
  A purple draconian (Zot:5)
  A ragged hierophant (Desolation)
  A death scarab (Tomb:2)
  An alligator (Swamp:3)
  A hell hog (Geh:4)
  A deep elf knight (Elf:2)
  A skeletal warrior (Coc:7)
  2 shadow wraiths (Crypt:1)
  A deep troll (Depths:3)
  2 shadow demons
  A lindwurm (Lair:5)
  A phantasmal warrior (Crypt:1)
  A deep elf zephyrmancer (Elf:1)
  A deep elf pyromancer (Zot:3)
  A fire giant zombie (Geh:7)
  A guardian serpent (Snake:4)
  A vault sentinel (Vaults:1)
  2 rust devils (Hell)
  3 smoke demons
  2 rime drakes (Lair:5)
  A red devil (Pan)
  2 hellwings (Pan)
  2 bloated husks (Swamp:3)
  A hornet (Swamp:3)
  An air elemental (Elf:2)
  2 shadows
  An ushabti (Tomb:3)
  A wraith (Geh:7)
  3 steam dragons (Lair:5)
  2 nagas
  An orc priest (Orc:2)
  A human simulacrum (Crypt:1)
  A mummy (Crypt:1)
  A white imp (IceCv)
  5 ufetubi (IceCv)
  A ball lightning (Pan)
  A block of ice (Pan)
  2 demonic plants (Abyss:3)
  30 foxfires
  56 fungi
  4 lurking horrors
  138 plants
  11 starspawn tentacles
  8 tentacles
  6 withered plants (D:3)
314 creatures vanquished.

Grand Total: 6105 creatures vanquished

Notes
Turn   | Place    | Note
-------+----------+-------------------------------------------
     0 | D:1      | rocky1 the Gargoyle Fighter began the quest for the Orb.
     0 | D:1      | Reached XP level 1. HP: 14/14 MP: 1/1
    36 | D:1      | Reached XP level 2. HP: 17/19 MP: 2/2
   406 | D:1      | Reached XP level 3. HP: 15/23 MP: 3/3
   428 | D:1      | HP: 1/23 [jackal (2)]
   815 | D:1      | Found Diutwad's Distillery.
  1494 | D:2      | Found Xeatox's Weapon Boutique.
  1550 | D:2      | Reached XP level 4. HP: 26/28 MP: 4/4
  1595 | D:2      | Found Yhugen's Distillery.
  1669 | D:2      | Noticed Jessica
  1673 | D:2      | Killed Jessica
  1849 | D:2      | Found Isyupont's Book Shoppe.
  1912 | D:2      | Reached skill level 1 in Dodging
  2000 | D:2      | Found Sidd's Assorted Antiques.
  2003 | D:2      | Bought 2 scrolls labelled YLE BUDIODAP for 46 gold pieces
  2003 | D:2      | Bought 2 scrolls labelled ZUMAISOSKEU for 46 gold pieces
  2121 | D:2      | Found a faded altar of an unknown god.
  2329 | D:2      | Found Teehij's Book Shoppe.
  2419 | D:2      | Reached XP level 5. HP: 30/33 MP: 5/5
  2689 | D:2      | Identified 3 scrolls of acquirement
  2689 | D:2      | Acquired 776 gold pieces
  2691 | D:2      | Acquired 1188 gold pieces
  2693 | D:2      | Acquired the +2 pair of gloves "Myblas" {Dex+2}
  2788 | D:1      | Bought a potion of experience for 550 gold pieces
  2788 | D:1      | Bought a potion of attraction for 33 gold pieces
  2788 | D:1      | Bought a potion of magic for 88 gold pieces
  2788 | D:1      | Bought a potion of brilliance for 44 gold pieces
  2788 | D:1      | Bought a potion of heal wounds for 55 gold pieces
  2788 | D:1      | Bought 2 potions of mutation for 176 gold pieces
  2788 | D:1      | Bought a potion of curing for 33 gold pieces
  2788 | D:1      | Bought a potion of lignification for 33 gold pieces
  2788 | D:1      | Bought 2 potions of curing for 66 gold pieces
  2788 | D:1      | Bought a potion of berserk rage for 55 gold pieces
  2794 | D:1      | Reached XP level 6. HP: 44/44 MP: 6/6
  2898 | D:2      | Bought a potion of curing for 30 gold pieces
  2898 | D:2      | Bought a potion of flight for 30 gold pieces
  2898 | D:2      | Bought a potion of curing for 30 gold pieces
  2898 | D:2      | Bought a potion of degeneration for 10 gold pieces
  2898 | D:2      | Bought a potion of heal wounds for 50 gold pieces
  2898 | D:2      | Bought a potion of cancellation for 80 gold pieces
  2898 | D:2      | Bought a potion of haste for 100 gold pieces
  2898 | D:2      | Bought a potion of might for 40 gold pieces
  2898 | D:2      | Bought a potion of haste for 100 gold pieces
  2962 | D:2      | Bought a gold wand for 92 gold pieces
  2962 | D:2      | Bought a brown potion for 20 gold pieces
  2962 | D:2      | Bought a scroll labelled EFIGRU KUAKHEM for 23 gold pieces
  3649 | D:3      | Found a runed translucent gate.
  3649 | D:3      | Found a runed translucent gate.
  3649 | D:3      | Found a runed translucent gate.
  3653 | D:3      | Noticed LadyBoffin's ghost (amateur DrTm)
  3653 | D:3      | Noticed robertstho's ghost (weakling MiBe)
  3873 | D:3      | Noticed Terence
  3881 | D:3      | Killed Terence
  4052 | D:3      | Found a white marble altar of Elyvilon.
  4052 | D:3      | Found a glowing silver altar of Zin.
  4052 | D:3      | Found a glowing golden altar of the Shining One.
  4589 | D:4      | Identified the +1 hunting sling of the Extremes {speed,
                  | Int+2}
  4917 | D:4      | Noticed a necrophage
  4924 | D:4      | Reached XP level 7. HP: 30/48 MP: 7/7
  5484 | D:5      | Entered Level 5 of the Dungeon
  5484 | D:5      | Found Vaseimnedi's Antique Armour Emporium.
  5491 | D:5      | Bought a glowing hat for 203 gold pieces
  5551 | D:5      | Found Wumesok's Antique Weapon Shop.
  5586 | D:5      | Found a staircase to the Ecumenical Temple.
  5607 | Temple   | Entered the Ecumenical Temple
  5611 | Temple   | Became a worshipper of Warmaster Okawaru
  5699 | D:5      | Reached skill level 1 in Invocations
  5699 | D:5      | Reached XP level 8. HP: 52/53 MP: 8/8
  6853 | D:6      | Found Vuiluwn's Distillery.
  6863 | D:6      | Bought a potion of curing for 36 gold pieces
  6863 | D:6      | Bought a potion of heal wounds for 60 gold pieces
  6863 | D:6      | Bought a potion of heal wounds for 60 gold pieces
  6863 | D:6      | Bought a potion of heal wounds for 60 gold pieces
  6899 | D:6      | Reached * piety under Okawaru
  6905 | D:6      | Noticed Blork the orc
  6911 | D:6      | Killed Blork the orc
  6984 | D:6      | Found a basalt altar of Yredelemnul.
  6984 | D:6      | Found a shadowy altar of Dithmenos.
  6985 | D:6      | Found an ancient bone altar of Kikubaaqudgha.
  7062 | D:6      | Found Syxaewk's Antique Weapon Shop.
  7161 | D:6      | Reached XP level 9. HP: 39/57 MP: 11/11
  7688 | D:6      | Reached ** piety under Okawaru
  7806 | D:6      | Found Coam's Armour Boutique.
  8112 | D:6      | Found Iciwanlao's Assorted Antiques.
  8171 | D:7      | Found Qext's Distillery.
  9070 | D:7      | Paralysed by an orc warrior for 2 turns
  9074 | D:7      | Reached *** piety under Okawaru
  9085 | D:7      | Noticed a six-headed hydra
  9100 | D:7      | Killed a six-headed hydra
  9101 | D:7      | Reached XP level 10. HP: 35/63 MP: 13/13
  9913 | D:3      | Killed LadyBoffin's ghost
  9913 | D:3      | Reached **** piety under Okawaru
  9919 | D:3      | Killed robertstho's ghost
 10155 | D:8      | Found a sand-covered staircase.
 10161 | Ossuary  | Entered an ossuary
 10475 | Ossuary  | Reached skill level 5 in Dodging
 10637 | D:8      | Acquired 897 gold pieces
 10736 | D:6      | Bought a slimy morningstar for 261 gold pieces
 10736 | D:6      | Identified the +7 morningstar of the Asp {venom, rPois}
                  | (You bought it in a shop on level 6 of the Dungeon)
 10804 | D:5      | Bought a glowing scale mail for 203 gold pieces
 10872 | D:7      | Bought a potion of mutation for 104 gold pieces
 10872 | D:7      | Bought a potion of curing for 39 gold pieces
 10872 | D:7      | Bought 2 potions of heal wounds for 130 gold pieces
 10981 | D:8      | Reached skill level 5 in Invocations
 10999 | D:8      | Reached ***** piety under Okawaru
 11353 | D:8      | Found a staircase to the Lair.
 11479 | D:8      | Reached XP level 11. HP: 56/68 MP: 15/15
 11980 | D:8      | Noticed Psyche
 11985 | D:8      | Killed Psyche
 11986 | D:8      | Reached skill level 10 in Shields
 12167 | D:8      | Noticed Grum
 12184 | D:8      | Killed Grum
 12421 | Lair:1   | Entered Level 1 of the Lair of Beasts
 12450 | Lair:1   | Noticed an eight-headed hydra
 12473 | Lair:1   | Killed an eight-headed hydra
 13107 | Lair:1   | Reached ****** piety under Okawaru
 13567 | Lair:1   | Received a gift from Okawaru
 14608 | Lair:2   | Noticed a four-headed hydra
 14616 | Lair:2   | Killed a four-headed hydra
 14617 | Lair:2   | Reached XP level 12. HP: 57/76 MP: 17/17
 15653 | Lair:3   | Noticed a six-headed hydra
 15665 | Lair:3   | Killed a six-headed hydra
 15883 | Lair:3   | Found a staircase to the Snake Pit.
 15990 | Lair:3   | Noticed a six-headed hydra
 16000 | Lair:3   | Killed a six-headed hydra
 16450 | Lair:3   | Found a staircase to the Swamp.
 16819 | Lair:4   | Reached skill level 10 in Maces & Flails
 17065 | Lair:4   | Noticed an eight-headed hydra
 17074 | Lair:4   | Killed an eight-headed hydra
 17074 | Lair:4   | Identified the +10 broad axe of World Downfall {antimagic,
                  | rN++ Will- Str+2 SInv} (Okawaru gifted it to you on level 4
                  | of the Lair of Beasts)
 17074 | Lair:4   | Received a gift from Okawaru
 17077 | Lair:4   | Noticed Josephine
 17087 | Lair:4   | Killed Josephine
 17088 | Lair:4   | Reached skill level 10 in Fighting
 17234 | Lair:4   | Noticed a catoblepas
 17242 | Lair:4   | Killed a catoblepas
 17243 | Lair:4   | Reached XP level 13. HP: 82/82 MP: 18/18
 18137 | Lair:5   | Noticed a fire dragon
 18158 | Lair:5   | Killed a fire dragon
 18158 | Lair:5   | Received a gift from Okawaru
 18483 | Lair:5   | Found a frozen archway.
 18505 | IceCv    | Entered an ice cave
 19885 | IceCv    | Noticed a reaper
 19913 | IceCv    | Killed a reaper
 21159 | Lair:5   | Identified the +5 long sword "Conservator" {vorpal, rElec
                  | Dex+3}
 21225 | Lair:6   | Entered Level 6 of the Lair of Beasts
 21275 | Lair:6   | Received a gift from Okawaru
 21375 | Lair:6   | Gained mutation: Your large and strong wings let you fly.
                  | [Gargoyle growth]
 21375 | Lair:6   | Reached XP level 14. HP: 43/90 MP: 19/19
 21396 | Lair:6   | Reached skill level 10 in Armour
 22165 | Lair:6   | Identified the +10 dagger of Wariness {drain, rN+}
 22229 | Lair:6   | Identified the +2 leather armour of the Tick {Regen+ rCorr
                  | Int+5}
 22300 | Lair:6   | Found an opulent altar of Gozag.
 22541 | Lair:6   | Identified the +8 scythe of Jiedd {flame, rPois rN+ Str+3
                  | Dex-2}
 22593 | Lair:6   | Found a staircase to the Slime Pits.
 23032 | Lair:6   | Identified the +7 longbow of Articulation {freeze, Str+3}
                  | (Okawaru gifted it to you on level 6 of the Lair of Beasts)
 23032 | Lair:6   | Received a gift from Okawaru
 24570 | D:9      | Noticed Joseph
 24578 | D:9      | Killed Joseph
 24623 | D:9      | Noticed Maggie
 24638 | D:9      | Killed Maggie
 24764 | D:9      | Found the +8 lance "Wyrmbane" {slay drac, rPois rF+ rC+
                  | AC+3}
 24982 | D:9      | Found a stormy altar of Qazlal.
 24996 | D:9      | Found a bloodstained altar of Trog.
 24999 | D:9      | Found a broken altar of Ashenzari.
 25002 | D:9      | Found a shimmering blue altar of Sif Muna.
 25157 | D:10     | Entered Level 10 of the Dungeon
 25574 | D:10     | Identified the +5 falchion of Righteous Fury {drain, rF-
                  | rC+++ rN+ Stlth-}
 25987 | D:11     | Received a gift from Okawaru
 26016 | D:11     | Found Jioreniu's Serpentskin Sales.
 26041 | D:11     | Reached skill level 1 in Axes
 26041 | D:11     | Reached skill level 1 in Polearms
 26067 | D:11     | Identified the +5 rapier of Drought {vorpal, rF+ rCorr}
 26227 | D:11     | Noticed Erolcha
 26239 | D:11     | Killed Erolcha
 26358 | D:11     | Reached XP level 15. HP: 97/97 MP: 20/20
 26408 | D:11     | Cast into level 2 of the Abyss (a wizard)
 26521 | Abyss:2  | Found a corrupted altar of Lugonu.
 26657 | Abyss:2  | Noticed a bone dragon
 26686 | Abyss:2  | Killed a bone dragon
 26721 | Abyss:2  | Gained mutation: You sometimes lose the ability to read
                  | scrolls when taking damage. [a neqoxec]
 26971 | Abyss:2  | Lost mutation: You sometimes lose the ability to read
                  | scrolls when taking damage. [potion of mutation]
 27023 | Abyss:2  | Received a gift from Okawaru
 27029 | D:11     | Escaped the Abyss
 27477 | D:12     | Found a hide-covered altar of Uskayaw.
 28079 | D:12     | Found a staircase to the Orcish Mines.
 28124 | D:12     | Found a transporter.
 28124 | D:12     | Found a transporter.
 28135 | D:12     | Noticed Wioc's ghost (journeyman OpEE)
 28472 | Orc:1    | Entered Level 1 of the Orcish Mines
 28510 | Orc:1    | Reached skill level 1 in Stealth
 28591 | Orc:1    | Found a flagged portal.
 28610 | Bailey   | Entered a bailey
 28843 | Bailey   | Reached skill level 1 in Evocations
 28886 | Bailey   | Noticed an orc warlord
 28919 | Bailey   | Killed an orc warlord
 28919 | Bailey   | Received a gift from Okawaru
 28989 | Bailey   | Reached skill level 15 in Shields
 28989 | Bailey   | Reached XP level 16. HP: 104/104 MP: 21/21
 29504 | Orc:1    | Acquired the +1 pair of gloves of Qecetwuts {rElec rN+
                  | Slay+3}
 29522 | Orc:2    | Entered Level 2 of the Orcish Mines
 29822 | Orc:2    | Noticed Donald
 29843 | Orc:2    | Killed Donald
 31329 | Orc:2    | Found Hiuliq's General Store.
 31329 | Orc:2    | Found Ruitwul's Armour Shoppe.
 31343 | Orc:2    | Found a staircase to the Elven Halls.
 31991 | Orc:2    | Found Asadumi's General Store.
 31991 | Orc:2    | Found Zeff's Assorted Antiques.
 31997 | Orc:2    | Reached XP level 17. HP: 95/109 MP: 10/22
 32072 | Orc:2    | Bought the +2 helmet "Ytamiusu" {rCorr Dex+4} for 497 gold
                  | pieces
 32128 | Orc:2    | Bought a scroll of teleportation for 51 gold pieces
 32128 | Orc:2    | Bought a potion of heal wounds for 85 gold pieces
 32128 | Orc:2    | Bought a potion of curing for 51 gold pieces
 32128 | Orc:2    | Bought a potion of curing for 51 gold pieces
 32128 | Orc:2    | Bought a scroll of magic mapping for 59 gold pieces
 32128 | Orc:2    | Bought a potion of might for 68 gold pieces
 32128 | Orc:2    | Bought a potion of haste for 170 gold pieces
 32141 | Orc:2    | Bought a potion of invisibility for 112 gold pieces
 32141 | Orc:2    | Bought a +4 plate armour of fire resistance for 700 gold
                  | pieces
 32516 | D:13     | Noticed Snorg
 32525 | D:13     | Killed Snorg
 32726 | D:13     | Noticed Kirke
 32925 | D:13     | Reached skill level 5 in Axes
 32965 | D:13     | Reached skill level 5 in Polearms
 33363 | D:6      | Bought a scratched iron ring for 160 gold pieces
 33536 | D:13     | Noticed Rupert
 33816 | D:12     | Reached XP level 18. HP: 115/115 MP: 23/23
 33885 | D:12     | Killed Wioc's ghost
 34236 | Swamp:1  | Entered Level 1 of the Swamp
 34236 | Swamp:1  | Noticed Aizul
 34248 | Swamp:1  | Killed Aizul
 34430 | Swamp:1  | Reached skill level 5 in Evocations
 34824 | Swamp:1  | Identified the +8 crystal plate armour of Forking Paths
                  | {rPois rC+} (Okawaru gifted it to you on level 1 of the
                  | Swamp)
 34824 | Swamp:1  | Received a gift from Okawaru
 37048 | Swamp:4  | Entered Level 4 of the Swamp
 37525 | Swamp:4  | Reached skill level 15 in Maces & Flails
 37745 | Swamp:4  | Identified the +3 ring mail of Painted Satisfaction
                  | {Regen+} (Okawaru gifted it to you on level 4 of the Swamp)
 37745 | Swamp:4  | Received a gift from Okawaru
 37751 | Swamp:4  | Reached XP level 19. HP: 72/122 MP: 8/24
 38005 | Swamp:4  | Noticed the 27-headed Lernaean hydra
 38018 | Swamp:4  | Killed the 27-headed Lernaean hydra
 38038 | Swamp:4  | Got a decaying rune of Zot
 38516 | Snake:1  | Entered Level 1 of the Snake Pit
 39889 | Snake:2  | Identified the +5 chain mail of Burning Surprise {rC+
                  | Stlth+} (Okawaru gifted it to you on level 2 of the Snake
                  | Pit)
 39889 | Snake:2  | Received a gift from Okawaru
 40192 | Snake:2  | Found Raodabel's Antique Armour Shoppe.
 40544 | Snake:2  | Found Deirum's Distillery.
 40544 | Snake:2  | Found Qurghaic's Jewellery Boutique.
 40546 | Snake:2  | Found Evuphuck's Antique Armour Shop.
 40548 | Snake:2  | Found Kefa's Antique Weapon Boutique.
 40584 | Snake:2  | Bought an amulet of regeneration for 450 gold pieces
 40606 | Snake:2  | Bought a potion of heal wounds for 85 gold pieces
 40606 | Snake:2  | Bought a potion of resistance for 170 gold pieces
 40606 | Snake:2  | Bought a potion of curing for 51 gold pieces
 41366 | Snake:3  | Reached skill level 15 in Fighting
 41420 | Snake:3  | Found a runed translucent door.
 41422 | Snake:3  | Noticed EnronHubbard's ghost (adept DDGl)
 41473 | Snake:3  | Killed EnronHubbard's ghost
 42106 | Snake:4  | Entered Level 4 of the Snake Pit
 42303 | Snake:4  | Reached XP level 20. HP: 129/129 MP: 8/25
 43040 | Snake:4  | Reached skill level 10 in Dodging
 43075 | Snake:4  | Received a gift from Okawaru
 43279 | Snake:4  | Got a serpentine rune of Zot
 44085 | D:13     | Received a gift from Okawaru
 44340 | D:13     | Killed Kirke
 44640 | D:13     | Killed Rupert
 45237 | D:14     | Found a gate to the Vaults.
 45814 | D:15     | Entered Level 15 of the Dungeon
 46072 | D:15     | Found a staircase to the Depths.
 46579 | D:15     | Reached XP level 21. HP: 120/136 MP: 8/26
 46773 | Depths:1 | Entered Level 1 of the Depths
 46937 | Depths:1 | Paralysed by a sphinx for 3 turns
 46946 | Depths:1 | Paralysed by a sphinx for 7 turns
 47142 | Depths:1 | Identified the +1 plate armour "Yhoali" {Str+2 Dex+4}
                  | (Okawaru gifted it to you on level 1 of the Depths)
 47142 | Depths:1 | Received a gift from Okawaru
 47158 | Depths:1 | Found a gateway to a ziggurat.
 47313 | Depths:1 | Reached skill level 10 in Axes
 47473 | Depths:1 | Found a viscous altar of Jiyva.
 47515 | Depths:1 | Found Kiotyut's Assorted Antiques.
 47517 | Depths:1 | Found Urekk's Armour Boutique.
 47519 | Depths:1 | Found Utafav's Distillery.
 47525 | Depths:1 | Bought a +0 pair of boots of rampaging for 172 gold pieces
 47537 | Depths:1 | Bought a potion of heal wounds for 80 gold pieces
 47653 | Depths:1 | Found a gateway to Hell.
 47885 | Depths:1 | Reached skill level 10 in Polearms
 47915 | Depths:1 | Reached skill level 10 in Evocations
 47993 | Depths:1 | Identified Ukoidahe's Almanac of Destructive Flight
 48185 | Depths:1 | Found a glowing silver altar of Zin.
 48337 | Depths:2 | Identified the +1 scale mail of Action {+Inv} (Okawaru
                  | gifted it to you on level 2 of the Depths)
 48337 | Depths:2 | Received a gift from Okawaru
 48815 | Vaults:1 | Entered Level 1 of the Vaults
 48947 | Vaults:1 | Cast into level 2 of the Abyss (a wizard)
 48986 | Abyss:2  | Gained mutation: Your body sometimes deteriorates upon
                  | taking damage. [a neqoxec]
 49160 | Vaults:1 | Escaped the Abyss
 49194 | Vaults:1 | Reached skill level 1 in Long Blades
 49300 | Vaults:1 | Reached XP level 22. HP: 144/144 MP: 9/27
 49525 | Vaults:1 | Identified the +6 war axe of the Swamp {vorpal, Str+4}
 49930 | Vaults:1 | Reached skill level 15 in Armour
 49931 | Vaults:1 | Identified the +6 trident of Faeviop {vorpal, Str+4 Int+2}
                  | (Okawaru gifted it to you on level 1 of the Vaults)
 49931 | Vaults:1 | Received a gift from Okawaru
 50145 | Vaults:1 | Found Nenyaz's Assorted Antiques.
 50211 | Vaults:1 | Bought a silver ring for 130 gold pieces
 50211 | Vaults:1 | Bought an iron ring for 130 gold pieces
 50795 | Vaults:2 | Found a staircase to the Crypt.
 50795 | Vaults:2 | Found a basalt altar of Yredelemnul.
 50795 | Vaults:2 | Found an ancient bone altar of Kikubaaqudgha.
 51339 | Vaults:2 | Received a gift from Okawaru
 51378 | Vaults:2 | Identified the +0 cloak of the Sky {rC+ Int+4}
 51952 | Crypt:1  | Entered Level 1 of the Crypt
 52015 | Crypt:1  | Paralysed by a vampire knight for 5 turns
 52032 | Crypt:1  | Paralysed by a vampire knight for 2 turns
 52237 | Crypt:1  | Found a runed translucent gate.
 52237 | Crypt:1  | Found a runed translucent gate.
 52237 | Crypt:1  | Found a runed translucent gate.
 52241 | Crypt:1  | Found an opulent altar of Gozag.
 52241 | Crypt:1  | Noticed Khufu
 52241 | Crypt:1  | Noticed a royal mummy
 52241 | Crypt:1  | Noticed Sojobo
 52241 | Crypt:1  | Noticed a royal mummy
 52268 | Crypt:1  | Found Totwonug's Assorted Antiques.
 52268 | Crypt:1  | Noticed Ymibon's ghost (veteran MiGl)
 52282 | Crypt:1  | Killed Khufu
 52283 | Crypt:1  | Killed a royal mummy
 52284 | Crypt:1  | Reached skill level 5 in Long Blades
 52284 | Crypt:1  | Killed a royal mummy
 52284 | Crypt:1  | Received a gift from Okawaru
 52285 | Crypt:1  | Reached XP level 23. HP: 36/150 MP: 4/28
 52295 | Crypt:1  | Killed Sojobo
 52840 | Crypt:1  | Received a gift from Okawaru
 53531 | Crypt:1  | Received a gift from Okawaru
 53536 | Crypt:1  | Killed Ymibon's ghost
 53679 | Crypt:1  | Bought a translucent ring mail for 297 gold pieces
 53679 | Crypt:1  | Identified the +3 ring mail "Diuveb" {rPois Will+ SInv}
                  | (You bought it in a shop on level 1 of the Crypt)
 54418 | Crypt:3  | Entered Level 3 of the Crypt
 54442 | Crypt:3  | Acquired 682 gold pieces
 54956 | Crypt:3  | Identified the Tome of Darkness
 55166 | Crypt:3  | Found a staircase to the Tomb.
 55279 | Crypt:3  | Noticed Boris
 55304 | Crypt:3  | Killed Boris
 55305 | Crypt:3  | Reached XP level 24. HP: 133/157 MP: 9/28
 55592 | Crypt:3  | Received a gift from Okawaru
 55887 | Crypt:3  | Found a basalt altar of Yredelemnul.
 55887 | Crypt:3  | Noticed a dread lich
 55887 | Crypt:3  | Paralysed by a dread lich for 6 turns
 55904 | Crypt:3  | Killed a dread lich
 56800 | Vaults:3 | Found a ruined gateway.
 56834 | Desolati | Entered the Desolation of Salt
 57021 | Desolati | Identified Daoleoc's Reference Book on Warped Black Secrets
 57024 | Desolati | Identified Niac's Papyrus of Twisted Poisoning
 57241 | Desolati | Identified the Compendium of Frigorific Conjuration
 57817 | Desolati | Identified the Volume of the Mutagenic Frostbite
 57835 | Desolati | Identified the ring of Moderation {Fire rPois Str+3}
 57851 | Desolati | Identified the +12 flail "Ocseqai" {vorpal, rN+}
 57988 | Vaults:3 | Identified the +1 pair of boots of the Komodo Dragon
                  | {Rampage Will+} (Okawaru gifted it to you on level 3 of the
                  | Vaults)
 57988 | Vaults:3 | Received a gift from Okawaru
 58213 | Vaults:3 | Found Kiyhum's Distillery.
 58245 | Vaults:3 | Bought 2 potions of might for 120 gold pieces
 58245 | Vaults:3 | Bought a potion of curing for 45 gold pieces
 58245 | Vaults:3 | Bought a potion of curing for 45 gold pieces
 58329 | Vaults:3 | Found Lixkoufe's Antique Armour Boutique.
 58330 | Vaults:3 | Found Qoenoffa's General Store.
 58356 | Vaults:3 | Bought a scroll of acquirement for 728 gold pieces
 58356 | Vaults:3 | Bought a scroll of magic mapping for 49 gold pieces
 58419 | Vaults:3 | Noticed Jory
 58460 | Vaults:3 | Killed Jory
 58461 | Vaults:3 | Reached XP level 25. HP: 147/164 MP: 9/28
 58971 | Vaults:3 | Found Nonkauce's Assorted Antiques.
 59569 | Vaults:4 | Identified the +4 chain mail of Tiggeleu {rF+}
 59586 | Vaults:4 | Noticed an ancient lich
 59602 | Vaults:4 | Killed an ancient lich
 59602 | Vaults:4 | Received a gift from Okawaru
 60474 | Vaults:5 | Entered Level 5 of the Vaults
 60608 | Vaults:5 | Received a gift from Okawaru
 60740 | Vaults:5 | Reached skill level 10 in Long Blades
 60770 | Vaults:5 | Noticed an ancient lich
 60792 | Vaults:5 | Cast into level 3 of the Abyss (a deep elf sorcerer)
 61046 | Abyss:4  | Reached XP level 26. HP: 111/172 MP: 9/28
 61204 | Vaults:5 | Escaped the Abyss
 61213 | Vaults:5 | Killed an ancient lich
 61252 | Vaults:5 | Noticed an ancient lich
 61268 | Vaults:5 | Killed an ancient lich
 61398 | Vaults:5 | Noticed a dread lich
 61402 | Vaults:5 | Paralysed by a dread lich for 2 turns
 61422 | Vaults:5 | Killed a dread lich
 61422 | Vaults:5 | Identified the -5 cloak of Powerful Salvation {Will+ Regen+
                  | Dex+4} (Okawaru gifted it to you on level 5 of the Vaults)
 61422 | Vaults:5 | Received a gift from Okawaru
 61676 | Vaults:5 | Found Qegegut's Distillery.
 61699 | Vaults:5 | Got a silver rune of Zot
 61703 | Vaults:5 | Bought a potion of mutation for 168 gold pieces
 61703 | Vaults:5 | Bought a potion of mutation for 168 gold pieces
 61703 | Vaults:5 | Bought a potion of heal wounds for 105 gold pieces
 61703 | Vaults:5 | Lost mutation: Your body sometimes deteriorates upon taking
                  | damage. [potion of mutation]
 61703 | Vaults:5 | Gained mutation: Your muscles are strong. (Str +2) [potion
                  | of mutation]
 61703 | Vaults:5 | Gained mutation: Your muscles are very strong. (Str +4)
                  | [potion of mutation]
 61819 | Vaults:5 | Paralysed by a sphinx for 6 turns
 61838 | Vaults:5 | Identified the +4 glaive of Bintig {drain, rF+}
 62223 | Lair:1   | Acquired 855 gold pieces
 63135 | Vaults:5 | Identified the ring "Yvino" {Wiz rF- rC++ Will+ SInv}
 63624 | Vaults:5 | Found the +2 shield of Resistance {rF++ rC++ Will++}
 63649 | Vaults:5 | Identified the Reference Book on Ghastly Transmutation
 64278 | Elf:1    | Entered Level 1 of the Elven Halls
 64374 | Elf:1    | Noticed Jorgrun
 64382 | Elf:1    | Killed Jorgrun
 64383 | Elf:1    | Received a gift from Okawaru
 64391 | Elf:1    | Found Monol's Weapon Shoppe.
 64472 | Elf:1    | Reached XP level 27. HP: 168/179 MP: 9/28
 65276 | Elf:2    | Found a runed translucent gate.
 65276 | Elf:2    | Found a runed translucent gate.
 65277 | Elf:2    | Found a runed translucent gate.
 65983 | Elf:3    | Entered Level 3 of the Elven Halls
 66114 | Elf:3    | Reached skill level 15 in Axes
 67505 | Elf:3    | Found an ancient bone altar of Kikubaaqudgha.
 67539 | Elf:3    | Identified the +9 scimitar "Caunadu" {antimagic, rElec
                  | Str+4 Int+4}
 67545 | Elf:3    | Received a gift from Okawaru
 67553 | Elf:3    | Reached skill level 15 in Dodging
 67581 | Elf:3    | Identified the +8 war axe of Prudence {flame, rC+ Int+2
                  | Stlth+}
 67591 | Elf:3    | Identified the +0 scale mail of Tartarus {Rampage Dex+5}
 67612 | Elf:3    | Identified the ring "Caib" {*Slow rC+ Will+ Str+6}
 67617 | Elf:3    | Reached skill level 15 in Evocations
 67657 | Elf:3    | Identified the ring of Brilliance {rPois Will+++ Str-4
                  | Int+2 Dex-3}
 67684 | Elf:3    | Identified the Guide on Destructive Creation
 67687 | Elf:3    | Identified the +8 hunting sling "Rizxeeme" {venom, rN+}
 67691 | Elf:3    | Found the +7 pair of quick blades "Gyre" and "Gimble"
                  | {protect}
 67705 | Elf:3    | Identified the Compendium of Flying Malediction
 67712 | Elf:3    | Identified Sif Muna's Tome of Cold and Confrontation
 67723 | Elf:3    | Identified the ring "Jeix" {Ice Int+6}
 67727 | Elf:3    | Identified the +1 pair of boots of Diowkigh {Drain Int+8}
 67735 | Elf:3    | Identified the +9 long sword of the Foremost Invaders
                  | {drain, Drain rPois rF- rCorr}
 67746 | Elf:3    | Identified the +5 falchion of Nuxouh {vamp, Str+6}
 67781 | Elf:3    | Identified the Disquisition on Supportive Moulding
 68276 | Depths:2 | Found a corrupted altar of Lugonu.
 68276 | Depths:2 | Found a one-way gate to the infinite horrors of the Abyss.
 68701 | Depths:2 | Received a gift from Okawaru
 68958 | Depths:2 | Identified the +2 robe of Aryi {rElec Int+2}
 69093 | Depths:2 | Found a one-way gate leading to the halls of Pandemonium.
 69280 | Depths:2 | Upgraded the game from 0.27-a0-1136-g0b992a5a9d to
                  | 0.27-a0-1140-g099f9bb0e8
 69421 | Depths:3 | Received a gift from Okawaru
 69629 | Depths:4 | Noticed a juggernaut
 69652 | Depths:4 | Killed a juggernaut
 70025 | Depths:4 | Found an ancient bone altar of Kikubaaqudgha.
 70196 | Depths:4 | Found Keosoits's Book Shoppe.
 70196 | Depths:4 | Found Geruz's Jewellery Shop.
 70197 | Depths:4 | Found Witseusm's Book Shoppe.
 70208 | Depths:4 | Bought a +4 ring of slaying for 1014 gold pieces
 70634 | Depths:3 | Noticed a royal mummy
 70650 | Depths:3 | Killed a royal mummy
 70669 | Depths:3 | Noticed a royal mummy
 70691 | Depths:3 | Killed a royal mummy
 71266 | Depths:3 | Received a gift from Okawaru
 72448 | Depths:5 | Entered Level 5 of the Depths
 72548 | Depths:5 | Identified the +0 helmet of Guijiniu {Harm Str-5 Int+3
                  | SInv} (Okawaru gifted it to you on level 5 of the Depths)
 72548 | Depths:5 | Received a gift from Okawaru
 72736 | Depths:5 | Noticed a juggernaut
 72749 | Depths:5 | Killed a juggernaut
 73013 | Depths:5 | Found a gate to the Realm of Zot.
 73059 | Zot:1    | Entered Level 1 of the Realm of Zot
 73923 | Zot:1    | Identified the +1 hand axe "Nufo" {venom, Fly rPois rC-}
                  | (Okawaru gifted it to you on level 1 of the Realm of Zot)
 73923 | Zot:1    | Received a gift from Okawaru
 74206 | Zot:1    | Identified the ring "Borus" {rF+ Int+6 SInv}
 74799 | Zot:2    | Found the +4 dragonskin cloak
 74799 | Zot:2    | Noticed Tiamat
 74851 | Zot:2    | Killed Tiamat
 74851 | Zot:2    | Received a gift from Okawaru
 74852 | Zot:2    | Found the +3 pair of seven-league boots {Rampage+∞}
 75254 | Zot:2    | Identified the +3 kite shield "Yrisk" {Slay+6}
 75690 | Lair:1   | Acquired a +2 eveningstar of draining
 75873 | D:3      | Fell from the grace of Okawaru
 75873 | D:3      | Became a worshipper of the Shining One
 76409 | Zot:3    | Identified the +3 plate armour of Zaem {Will+ Str-5 Dex+8}
 76693 | Zot:3    | Reached * piety under the Shining One
 77289 | Zot:4    | Reached ** piety under the Shining One
 77398 | Zot:4    | Reached skill level 15 in Long Blades
 78236 | Zot:5    | Entered Level 5 of the Realm of Zot
 78550 | Depths:1 | Bought a potion of curing for 93 gold pieces
 78550 | Depths:1 | Bought a scroll of fear for 108 gold pieces
 78550 | Depths:1 | Bought a potion of heal wounds for 155 gold pieces
 78550 | Depths:1 | Bought a potion of resistance for 310 gold pieces
 78554 | Depths:1 | Bought a potion of curing for 48 gold pieces
 78554 | Depths:1 | Bought a potion of curing for 48 gold pieces
 78554 | Depths:1 | Bought a potion of curing for 48 gold pieces
 78554 | Depths:1 | Bought a potion of mutation for 128 gold pieces
 78554 | Depths:1 | Bought a potion of curing for 48 gold pieces
 78554 | Depths:1 | Bought a potion of berserk rage for 80 gold pieces
 78554 | Depths:1 | Bought a potion of lignification for 48 gold pieces
 78646 | Depths:2 | Voluntarily entered the Abyss.
 78721 | Abyss:2  | Reached *** piety under the Shining One
 78736 | Abyss:2  | Gained mutation: Armour fits poorly on your strangely
                  | shaped body. [a neqoxec]
 78867 | Abyss:3  | Found a corrupted altar of Lugonu.
 79011 | Abyss:3  | Reached **** piety under the Shining One
 79117 | Abyss:3  | Reached ***** piety under the Shining One
 79141 | Abyss:3  | Got an abyssal rune of Zot
 79242 | Depths:2 | Escaped the Abyss
 79537 | Pan      | Entered Pandemonium
 79577 | Pan      | Noticed Doiceth the pandemonium lord
 79604 | Pan      | Reached ****** piety under the Shining One
 79620 | Pan      | The Shining One protects you from harm!
 79621 | Pan      | Killed Doiceth the pandemonium lord
 80558 | Pan      | Noticed Iciah the pandemonium lord
 80573 | Pan      | Killed Iciah the pandemonium lord
 81732 | Pan      | Entered the realm of Gloorx Vloq.
 82005 | Pan      | Lost mutation: Your muscles are very strong. (Str +4)
                  | [potion of mutation]
 82005 | Pan      | Lost mutation: Your muscles are strong. (Str +2) [potion of
                  | mutation]
 82005 | Pan      | Gained mutation: You are strong-willed. (Will+) [potion of
                  | mutation]
 82005 | Pan      | Gained mutation: You are somewhat resistant to further
                  | mutation. [potion of mutation]
 82006 | Pan      | Lost mutation: You are strong-willed. (Will+) [potion of
                  | mutation]
 82006 | Pan      | Lost mutation: Armour fits poorly on your strangely shaped
                  | body. [potion of mutation]
 82006 | Pan      | Gained mutation: You passively map a small area around you.
                  | [potion of mutation]
 82006 | Pan      | Gained mutation: You expend magic power (3 MP) to
                  | strengthen your wands. [potion of mutation]
 82429 | Pan      | Noticed Gloorx Vloq
 82459 | Pan      | Killed Gloorx Vloq
 82517 | Pan      | Got a dark rune of Zot
 82743 | Pan      | Entered the realm of Mnoleg.
 82777 | Pan      | Noticed Mnoleg
 82830 | Pan      | Killed Mnoleg
 82887 | Pan      | Got a glowing rune of Zot
 83575 | Pan      | Was forgiven by Okawaru
 83782 | Pan      | Gained mutation: Armour fits poorly on your strangely
                  | shaped body. [a neqoxec]
 83795 | Pan      | Lost mutation: Armour fits poorly on your strangely shaped
                  | body. [potion of mutation]
 83795 | Pan      | Lost mutation: You expend magic power (3 MP) to strengthen
                  | your wands. [potion of mutation]
 83910 | Pan      | Identified the +0 chain mail of the Iron Devil {rF+ Will+}
 84019 | Pan      | Found an exit through the horrors of the Abyss.
 84287 | Pan      | Noticed Iphast the pandemonium lord
 84308 | Pan      | Killed Iphast the pandemonium lord
 84956 | Pan      | Noticed Hodiech the pandemonium lord
 84987 | Pan      | Killed Hodiech the pandemonium lord
 85313 | Pan      | Identified a +9 eveningstar of holy wrath (a +9 eveningstar
                  | of electrocution blessed by the Shining One)
 85313 | Pan      | Received a gift from the Shining One
 85403 | Pan      | Got a demonic rune of Zot
 85453 | Pan      | Entered the realm of Cerebov.
 85787 | Pan      | Found an exit through the horrors of the Abyss.
 86244 | Pan      | Identified the +4 flail of Disorder {drain, +Rage Dex+3}
 86263 | Pan      | Found the +6 sword of Cerebov {flame}
 86263 | Pan      | Noticed Cerebov
 86303 | Pan      | Killed Cerebov
 86441 | Pan      | Identified the +5 dagger of the Disturbing Suns {elec,
                  | rElec rF- rCorr Str-5}
 86443 | Pan      | Identified the +7 halberd "Nuuss" {drain, Drain rElec rN+}
 86470 | Pan      | Identified the +2 ring mail of Dyspraxia {Harm rElec rN++
                  | Str-3}
 86475 | Pan      | Identified the +0 leather armour of Tatwoiw {Drain Str+7
                  | Stlth+}
 86516 | Pan      | Got a fiery rune of Zot
 86701 | Pan      | Found an exit through the horrors of the Abyss.
 86770 | Pan      | Reached skill level 10 in Invocations
 86862 | Pan      | Gained mutation: Your magical capacity is low. (-10% MP) [a
                  | cacodemon]
 86956 | Pan      | Found a transporter.
 87098 | Pan      | Found a transporter.
 87193 | Pan      | Identified the amulet of Numm {RegenMP Str+7 Dex+2}
 87207 | Pan      | Identified the amulet "Hin Taynas" {Acrobat Int+2}
 87273 | Pan      | Noticed Mennas
 87324 | Pan      | Killed Mennas
 87570 | Pan      | Found a huge runed translucent gate.
 87571 | Pan      | Found a huge runed translucent gate.
 87572 | Pan      | Found a huge runed translucent gate.
 87572 | Pan      | Found a huge runed translucent gate.
 87572 | Pan      | Found a huge runed translucent gate.
 87572 | Pan      | Found a huge runed translucent gate.
 87573 | Pan      | Found a huge runed translucent gate.
 87573 | Pan      | Found a huge runed translucent gate.
 87573 | Pan      | Found a huge runed translucent gate.
 87573 | Pan      | Found a huge runed translucent gate.
 87573 | Pan      | Found a huge runed translucent gate.
 87573 | Pan      | Found a huge runed translucent gate.
 87573 | Pan      | Found a huge runed translucent gate.
 87574 | Pan      | Found a huge runed translucent gate.
 87574 | Pan      | Noticed Epaczioll the pandemonium lord
 87575 | Pan      | Found a huge runed translucent gate.
 87576 | Pan      | Found a huge runed translucent gate.
 87576 | Pan      | Found a huge runed translucent gate.
 87608 | Pan      | Killed Epaczioll the pandemonium lord
 87659 | Pan      | Identified the ring of Incredulity {rN+++ rCorr Str-4 Dex+2
                  | Slay+2}
 88094 | Pan      | Entered the realm of Lom Lobon.
 88340 | Pan      | Found an exit through the horrors of the Abyss.
 89039 | Pan      | Noticed Lom Lobon
 89061 | Pan      | Killed Lom Lobon
 89094 | Pan      | Got a magical rune of Zot
 89232 | Pan      | Took an exit into the Abyss.
 89232 | Abyss:1  | Escaped into the Abyss
 89565 | Depths:2 | Escaped the Abyss
 89595 | Hell     | Entered the Vestibule of Hell
 89601 | Hell     | Noticed Geryon
 89657 | Hell     | Killed Geryon
 89692 | Hell     | Found a gateway to the freezing wastes of Cocytus.
 89865 | Hell     | Found a gateway to the decaying netherworld of Tartarus.
 89917 | Hell     | Found a gateway to the ashen valley of Gehenna.
 90118 | Hell     | Found a gateway to the Iron City of Dis.
 90205 | Tar:1    | Entered Level 1 of Tartarus
 90611 | Tar:1    | You are sucked into a shaft and drop 1 floor!
 93814 | Tar:7    | Entered Level 7 of Tartarus
 94062 | Tar:7    | Identified the Catalogue of the Frostbite and Clay
 94129 | Tar:7    | Identified the Almanac of Burning Displacement
 94142 | Tar:7    | Identified the +4 scale mail of Laicev {Str+5 Int+4}
 94184 | Tar:7    | Noticed an ancient lich
 94201 | Tar:7    | Killed an ancient lich
 94353 | Tar:7    | Noticed an ancient lich
 94371 | Tar:7    | Killed an ancient lich
 94400 | Tar:7    | Reached skill level 15 in Invocations
 94547 | Tar:7    | Noticed Ereshkigal
 94547 | Tar:7    | Noticed a dread lich
 94557 | Tar:7    | Killed a dread lich
 94574 | Tar:7    | Killed Ereshkigal
 94595 | Tar:7    | Got a bone rune of Zot
 94995 | Lair:1   | Lost mutation: Your magical capacity is low. (-10% MP)
                  | [potion of mutation]
 94995 | Lair:1   | Lost mutation: You are somewhat resistant to further
                  | mutation. [potion of mutation]
 94995 | Lair:1   | Gained mutation: You are frail. (-10% HP) [potion of
                  | mutation]
 94995 | Lair:1   | Gained mutation: You have a pair of small horns on your
                  | head. [potion of mutation]
 94996 | Lair:1   | Lost mutation: You passively map a small area around you.
                  | [potion of mutation]
 94996 | Lair:1   | Lost mutation: You are frail. (-10% HP) [potion of
                  | mutation]
 94996 | Lair:1   | Lost mutation: You have a pair of small horns on your head.
                  | [potion of mutation]
 94996 | Lair:1   | Gained mutation: You are strong-willed. (Will+) [potion of
                  | mutation]
 94996 | Lair:1   | Gained mutation: You are agile. (Dex +2) [potion of
                  | mutation]
 94996 | Lair:1   | Gained mutation: You have sharp fingernails. [potion of
                  | mutation]
 95218 | D:6      | Bought a potion of might for 48 gold pieces
 95218 | D:6      | Bought a potion of haste for 120 gold pieces
 95457 | Snake:2  | Bought a potion of haste for 170 gold pieces
 95457 | Snake:2  | Bought a potion of mutation for 136 gold pieces
 95465 | Snake:2  | Bought a slimy chain mail for 180 gold pieces
 95465 | Snake:2  | Identified the +1 chain mail "Naodidwo" {rF- rCorr Dex+5
                  | Stlth+} (You bought it in a shop on level 2 of the Snake
                  | Pit)
 95465 | Snake:2  | Bought an ancient plate armour for 532 gold pieces
 95465 | Snake:2  | Identified the +5 plate armour of Boredom {+Blink +Inv
                  | rElec Int+3 Dex-5} (You bought it in a shop on level 2 of
                  | the Snake Pit)
 95485 | Snake:2  | Bought a +4 ring of slaying for 1170 gold pieces
 95915 | Vaults:3 | Bought 2 potions of haste for 620 gold pieces
 96005 | Vaults:1 | Bought a scroll of fog for 52 gold pieces
 96005 | Vaults:1 | Bought a potion of mutation for 208 gold pieces
 96005 | Vaults:1 | Bought an ichor-stained scale mail for 234 gold pieces
 96005 | Vaults:1 | Identified the +2 scale mail of Cunalu Ilell {+Blink rPois}
                  | (You bought it in a shop on level 1 of the Vaults)
 96915 | Coc:1    | Entered Level 1 of Cocytus
 98880 | Coc:7    | Entered Level 7 of Cocytus
 99356 | Coc:7    | Noticed Antaeus
 99434 | Coc:7    | Killed Antaeus
 99435 | Coc:7    | Reached skill level 27 in Fighting
 99562 | Coc:7    | Identified the Handbook of the Doomed Entourage
 99567 | Coc:7    | Got an icy rune of Zot
 99769 | Coc:7    | Identified the ring of the Invisible Hand {rN+ Str+6}
100042 | Geh:1    | Entered Level 1 of Gehenna
102128 | Geh:7    | Entered Level 7 of Gehenna
102507 | Geh:7    | Reached skill level 27 in Armour
103100 | Geh:7    | Identified the ring of Lykkuanlarr {Fly rPois MP+9 Str-5
                  | Stlth+}
103237 | Geh:7    | Found the +7 sceptre of Asmodeus
103237 | Geh:7    | Noticed Asmodeus
103274 | Geh:7    | Killed Asmodeus
103302 | Geh:7    | Got an obsidian rune of Zot
103481 | Dis:1    | Entered Level 1 of the Iron City of Dis
105930 | Dis:7    | Entered Level 7 of the Iron City of Dis
105981 | Dis:7    | Reached skill level 27 in Shields
106971 | Dis:7    | Identified the Handbook of Freezing Changing
107062 | Dis:7    | Identified the +1 pair of boots "Fauteu" {Rampage}
107063 | Dis:7    | Identified the +1 ring mail of Responsibility {*Slow rN+
                  | Will+}
107155 | Dis:7    | Identified the ring of the Solstice {MP+9 Int+2 Slay+3}
107182 | Dis:7    | Identified the +6 flail "Ralisuq" {flame, rC+ Str+2 Int+4}
107447 | Dis:7    | Found the +4 staff of Dispater
107447 | Dis:7    | Noticed Dispater
107490 | Dis:7    | Killed Dispater
107550 | Dis:7    | Identified Xopt's Handbook of the Floating Escort
107555 | Dis:7    | Got an iron rune of Zot
107557 | Dis:7    | Identified the Grimoire of Creation and Lightness
107823 | Depths:1 | Learned a level 2 spell: Blink
108221 | Slime:1  | Entered Level 1 of the Pits of Slime
108263 | Slime:2  | Reached skill level 1 in Spellcasting
108272 | Slime:3  | Gained mutation: Your spells are a little easier to cast,
                  | but a little less powerful. [a shining eye]
108415 | Slime:5  | Entered Level 5 of the Pits of Slime
108583 | Slime:5  | Noticed the Royal Jelly
108684 | Slime:4  | Gained mutation: Armour fits poorly on your strangely
                  | shaped body. [a shining eye]
108694 | Slime:4  | Lost mutation: You are strong-willed. (Will+) [potion of
                  | mutation]
108694 | Slime:4  | Lost mutation: Armour fits poorly on your strangely shaped
                  | body. [potion of mutation]
108694 | Slime:4  | Gained mutation: You are occasionally teleported next to
                  | monsters. [potion of mutation]
108695 | Slime:4  | Lost mutation: You are agile. (Dex +2) [potion of mutation]
108695 | Slime:4  | Lost mutation: Your spells are a little easier to cast, but
                  | a little less powerful. [potion of mutation]
108695 | Slime:4  | Gained mutation: Your muscles are strong. (Str +2) [potion
                  | of mutation]
108696 | Slime:4  | Lost mutation: You are occasionally teleported next to
                  | monsters. [potion of mutation]
108696 | Slime:4  | Lost mutation: Your muscles are strong. (Str +2) [potion of
                  | mutation]
108696 | Slime:4  | Gained mutation: You have sharp toenails. [potion of
                  | mutation]
108696 | Slime:4  | Gained mutation: You are frail. (-10% HP) [potion of
                  | mutation]
108696 | Slime:4  | Gained mutation: You are dopey. (Int -2) [potion of
                  | mutation]
108697 | Slime:4  | Lost mutation: You have sharp toenails. [potion of
                  | mutation]
108697 | Slime:4  | Lost mutation: You are frail. (-10% HP) [potion of
                  | mutation]
108697 | Slime:4  | Lost mutation: You are dopey. (Int -2) [potion of mutation]
108697 | Slime:4  | Gained mutation: Your spells are a little harder to cast,
                  | but a little more powerful. [potion of mutation]
108697 | Slime:4  | Gained mutation: You are weak. (Str -2) [potion of
                  | mutation]
108801 | Slime:5  | Gained mutation: You are occasionally teleported next to
                  | monsters. [a shining eye]
108829 | Slime:5  | Gained mutation: Armour fits poorly on your strangely
                  | shaped body. [a shining eye]
109023 | Slime:5  | Gained mutation: You sometimes lose the ability to read
                  | scrolls when taking damage. [a shining eye]
109039 | Slime:5  | Killed the Royal Jelly
109198 | Slime:5  | Found the +2 hat of the Bear Spirit {Spirit, +Rage rN+
                  | Will++}
109261 | Slime:5  | Identified Puoquolar's Almanac of the Traveller and
                  | Execration
109280 | Slime:5  | Identified the +0 tower shield of Death's Door {rElec rN+
                  | Will+}
109281 | Slime:5  | Identified the +10 mace of Quick Death {drain, rCorr Str+2}
109311 | Slime:5  | Identified the ring "Laucekot" {Will+ EV+4 Str-3 Int+7}
109340 | Slime:5  | Got a slimy rune of Zot
109355 | Slime:5  | Identified the +2 scale mail of the Endless Expanse {rPois}
109670 | Slime:3  | Reached skill level 5 in Spellcasting
109872 | Slime:1  | Gained mutation: You are very weak. (Str -4) [a shining
                  | eye]
109873 | Slime:1  | Gained mutation: Your magical capacity is low. (-10% MP) [a
                  | shining eye]
110096 | Slime:1  | The Shining One protects you from harm!
111835 | Zot:5    | Noticed an orb of fire
111837 | Zot:5    | Gained mutation: Your body sometimes deteriorates upon
                  | taking damage. [an orb of fire]
111850 | Zot:5    | Killed an orb of fire
111850 | Zot:5    | Noticed a dread lich
111868 | Zot:5    | Noticed an ancient lich
111878 | Zot:5    | Killed a dread lich
111892 | Zot:5    | Killed an ancient lich
112196 | Zot:5    | Noticed a dread lich
112216 | Zot:5    | Killed a dread lich
112230 | Zot:5    | Noticed an ancient lich
112243 | Zot:5    | Killed an ancient lich
112283 | Zot:5    | Noticed an ancient lich
112301 | Zot:5    | Killed an ancient lich
112367 | Zot:5    | Lost mutation: You are very weak. (Str -4) [potion of
                  | mutation]
112367 | Zot:5    | Lost mutation: Your body sometimes deteriorates upon taking
                  | damage. [potion of mutation]
112367 | Zot:5    | Lost mutation: Your magical capacity is low. (-10% MP)
                  | [potion of mutation]
112367 | Zot:5    | Gained mutation: Your spells are harder to cast, but more
                  | powerful. [potion of mutation]
112367 | Zot:5    | Gained mutation: You are dopey. (Int -2) [potion of
                  | mutation]
112368 | Zot:5    | Lost mutation: You are weak. (Str -2) [potion of mutation]
112368 | Zot:5    | Lost mutation: Armour fits poorly on your strangely shaped
                  | body. [potion of mutation]
112368 | Zot:5    | Lost mutation: You sometimes lose the ability to read
                  | scrolls when taking damage. [potion of mutation]
112368 | Zot:5    | Gained mutation: You are clumsy. (Dex -2) [potion of
                  | mutation]
112368 | Zot:5    | Gained mutation: You are partially covered in iridescent
                  | scales. (AC +2) [potion of mutation]
112368 | Zot:5    | Gained mutation: Your movements are slightly less
                  | encumbered by armour. (ER -2) [potion of mutation]
112369 | Zot:5    | Lost mutation: You are dopey. (Int -2) [potion of mutation]
112369 | Zot:5    | Lost mutation: Your spells are harder to cast, but more
                  | powerful. [potion of mutation]
112369 | Zot:5    | Lost mutation: You are partially covered in iridescent
                  | scales. (AC +2) [potion of mutation]
112369 | Zot:5    | Gained mutation: Your muscles are strong. (Str +2) [potion
                  | of mutation]
112370 | Zot:5    | Lost mutation: Your spells are a little harder to cast, but
                  | a little more powerful. [potion of mutation]
112370 | Zot:5    | Lost mutation: You are occasionally teleported next to
                  | monsters. [potion of mutation]
112370 | Zot:5    | Lost mutation: Your muscles are strong. (Str +2) [potion of
                  | mutation]
112370 | Zot:5    | Gained mutation: You occasionally shout uncontrollably at
                  | your foes. [potion of mutation]
112370 | Zot:5    | Gained mutation: You have a pair of small antennae on your
                  | head. [potion of mutation]
112371 | Zot:5    | Lost mutation: Your movements are slightly less encumbered
                  | by armour. (ER -2) [potion of mutation]
112371 | Zot:5    | Lost mutation: You are clumsy. (Dex -2) [potion of
                  | mutation]
112371 | Zot:5    | Gained mutation: Your flesh is heat resistant. (rF+)
                  | [potion of mutation]
112371 | Zot:5    | Gained mutation: You expend magic power (3 MP) to
                  | strengthen your wands. [potion of mutation]
112371 | Zot:5    | Gained mutation: You have a somewhat thin skeletal
                  | structure. (Dex +2, Stealth+) [potion of mutation]
112371 | Zot:5    | Gained mutation: You have large cloven feet. [potion of
                  | mutation]
112422 | Zot:5    | Noticed an orb of fire
112430 | Zot:5    | Gained mutation: You have a moderately thin skeletal
                  | structure. (Dex +4, Stealth++) [an orb of fire]
112446 | Zot:5    | Killed an orb of fire
112980 | Tomb:1   | Entered Level 1 of the Tomb of the Ancients
113170 | Tomb:1   | Noticed Mara
113188 | Tomb:1   | Killed Mara
113189 | Tomb:1   | Reached skill level 10 in Spellcasting
113417 | Tomb:1   | Noticed a royal mummy
113417 | Tomb:1   | Noticed a royal mummy
113433 | Tomb:1   | Killed a royal mummy
113441 | Tomb:1   | Killed a royal mummy
114007 | Tomb:2   | Noticed a royal mummy
114008 | Tomb:2   | Noticed a royal mummy
114020 | Tomb:2   | Noticed a royal mummy
114021 | Tomb:2   | Noticed a royal mummy
114082 | Tomb:2   | Killed a royal mummy
114108 | Tomb:2   | Killed a royal mummy
114158 | Tomb:2   | Killed a royal mummy
114292 | Tomb:2   | Killed a royal mummy
114633 | Tomb:1   | Noticed a royal mummy
114633 | Tomb:1   | Noticed a royal mummy
114633 | Tomb:1   | Noticed a royal mummy
114633 | Tomb:1   | Noticed a royal mummy
114633 | Tomb:1   | Noticed a royal mummy
114637 | Tomb:1   | Noticed a royal mummy
114664 | Tomb:1   | Killed a royal mummy
114665 | Tomb:1   | Killed a royal mummy
114678 | Tomb:1   | Killed a royal mummy
114690 | Tomb:1   | Killed a royal mummy
114693 | Tomb:1   | Killed a royal mummy
114706 | Tomb:1   | Killed a royal mummy
114775 | Tomb:1   | Noticed a royal mummy
114786 | Tomb:1   | Killed a royal mummy
114808 | Tomb:1   | Noticed a royal mummy
114809 | Tomb:1   | Noticed a royal mummy
114820 | Tomb:1   | Killed a royal mummy
114829 | Tomb:1   | Killed a royal mummy
114838 | Tomb:1   | Noticed a royal mummy
114838 | Tomb:1   | Noticed a royal mummy
114850 | Tomb:1   | Killed a royal mummy
114857 | Tomb:1   | Killed a royal mummy
114857 | Tomb:1   | Noticed a royal mummy
114865 | Tomb:1   | Noticed a royal mummy
114877 | Tomb:1   | Killed a royal mummy
114884 | Tomb:1   | Killed a royal mummy
115024 | Tomb:1   | Noticed a royal mummy
115031 | Tomb:1   | Killed a royal mummy
115273 | Tomb:1   | Noticed a royal mummy
115279 | Tomb:1   | Killed a royal mummy
115338 | Tomb:1   | Noticed a royal mummy
115350 | Tomb:1   | Killed a royal mummy
115389 | Tomb:2   | Lost mutation: Your flesh is heat resistant. (rF+)
                  | [mutagenic glow]
115397 | Tomb:2   | Gained mutation: You are frail. (-10% HP) [mutagenic glow]
115401 | Tomb:2   | Identified the +6 long sword of the Vine {freeze, rF++ rN+}
115519 | Tomb:3   | Entered Level 3 of the Tomb of the Ancients
115527 | Tomb:3   | Noticed a royal mummy
115530 | Tomb:3   | Noticed a royal mummy
115612 | Tomb:3   | Noticed a royal mummy
115624 | Tomb:3   | Noticed a royal mummy
115640 | Tomb:2   | Killed a royal mummy
115866 | Tomb:3   | Noticed a royal mummy
115866 | Tomb:3   | Noticed a royal mummy
115866 | Tomb:3   | Noticed a royal mummy
115869 | Tomb:3   | Noticed a royal mummy
115872 | Tomb:3   | Noticed a royal mummy
115886 | Tomb:3   | Killed a royal mummy
115897 | Tomb:3   | Killed a royal mummy
115901 | Tomb:3   | Killed a royal mummy
116098 | Tomb:3   | Gained mutation: Armour fits poorly on your strangely
                  | shaped body. [mutagenic glow]
116099 | Tomb:3   | Killed a royal mummy
116108 | Tomb:3   | Killed a royal mummy
116109 | Tomb:3   | Killed a royal mummy
116110 | Tomb:3   | Killed a royal mummy
116111 | Tomb:3   | Gained mutation: Your body sometimes deteriorates upon
                  | taking damage. [mutagenic glow]
116118 | Tomb:3   | Killed a royal mummy
116131 | Tomb:3   | Gained mutation: You are occasionally teleported next to
                  | monsters. [mutagenic glow]
116139 | Tomb:3   | Gained mutation: You are sometimes teleported next to
                  | monsters. [mutagenic glow]
116318 | Tomb:3   | Found the +7 Kryia's mail coat {PotionHeal*2 rC+}
116561 | Tomb:3   | Identified the +9 short sword of Theory {vorpal, rElec rF+}
116577 | Tomb:3   | Identified the +7 quarterstaff of Terra Cotta {elec, rC+
                  | Dex+4}
116584 | Tomb:3   | Identified the +8 rapier of the Magi {flame, rPois Will+}
116592 | Tomb:3   | Identified the +4 rapier of Joruur {holy, rC++ Str-5}
116750 | Tomb:3   | Got a golden rune of Zot
116879 | Tomb:3   | Identified Sif Muna's Papyrus of Supportive Confrontation
116898 | Tomb:3   | Identified the ring of Bikaopee {rPois rF+ Will+ SInv}
117822 | Zot:5    | Got the Orb of Zot
118334 | Depths:1 | Noticed Boris
118350 | Depths:1 | Killed Boris
118418 | D:15     | Noticed Sogeudas the pandemonium lord
118439 | D:15     | Killed Sogeudas the pandemonium lord
118464 | D:15     | Noticed Nukysoug the pandemonium lord
118902 | D:$      | Escaped with the Orb!

Illustrated notes

Levels and vault maps discovered:
D:1:      dpeg_arrival_pits, layout_loops_ring, serial_shops, shop,
          minmay_pentomino_w4
D:2:      layout_basic, serial_shops, nicolae_shop_behind_doors, shop,
          shop_statue, shop, nicolae_shop_statue_plus,
          shapermc_ecumenical_altar_totnotflames, uniq_jessica
D:3:      layout_loops_corners, good_gods_mini_temple, gammafunk_ghost_cemetery,
          uniq_terence, uniq_crazy_yiuf_cottage
D:4:      layout_rooms, minmay_misc_feat_tower, minivault_11
D:5:      layout_basic, minmay_temple_entry_junction, serial_shops,
          nicolae_shop_waterfront, shop
D:6:      layout_gridville, gammafunk_temple_overflow_claw, serial_bayou,
          serial_bayou_pond_b, serial_bayou_pond_a, serial_bayou_lagoon_b,
          serial_shops, kennysheep_little_box, kennysheep_mini, shop, shop,
          uniq_blork_the_orc
D:7:      layout_gridville, serial_shops, shop, minmay_small_thing
D:8:      layout_cave_pods, lair_entry_dummy, nicolae_ossuary_entry_giza,
          kennysheep_nondescript, uniq_grum, uniq_psyche
D:9:      layout_small_grid, grunt_temple_overflow_cloverleaf, uniq_maggie,
          uniq_joseph
D:10:     layout_basic
D:11:     layout_roguey, corexii_hall_statues_x, guppyfry_shop_venom,
          uniq_erolcha
D:12:     layout_basic, david_orc_3, nzn_ghost_randoct, dancing_weapons_uskayaw
D:13:     minmay_wizard_corner, layout_cave_pods, uniq_snorg, uniq_kirke,
          uniq_rupert
D:14:     layout_irregular_city, erik_vaults_1, chequers_arboretum
D:15:     hangedman_depths_entry_civil_slaughter, layout_gridville,
          serial_bayou, serial_bayou_pond_a, serial_bayou_shore_b,
          serial_bayou_pond_e, serial_bayou_shore_a, serial_bayou_shore_b
Temple:   nicolae_temple_hex_pool
Lair:1:   layout_long_grid
Lair:2:   layout_cave_pods, serial_bayou_crossing
Lair:3:   layout_hall_layers, palyth_hydra_swamp_entry,
          guppyfry_snake_entry_island
Lair:4:   layout_cave_pods, lemuel_fruit_fields, uniq_josephine
Lair:5:   cheibrodos_lair_river_kwai, layout_loops_ring,
          portal_ice_cave_demonic_guard, grunt_forest_stairs_basic,
          bobbens_dragon_lair_wall, grunt_megastairs_1
Lair:6:   grunt_lair_end_beastmaster, layout_layer_cave,
          minmay_slime_entry_oklob_open, serial_bayou, serial_bayou_pond_e,
          serial_bayou_pond_d, serial_bayou_shore_b, serial_bayou_pond_e,
          minmay_lair_oklob_items, lemuel_oklob_altar
Swamp:1:  layout_basic_swamp, wheals_swamp_sinkhole, uniq_aizul
Swamp:2:  layout_basic_swamp, evilmike_swamp_ruin_house_2, swamp_pool2
Swamp:3:  layout_basic_swamp, hangedman_swamp_blocks
Swamp:4:  grunt_swamp_rune_castle, layout_basic_swamp, swamp_pool2,
          nicolae_swamp_necromancer_hut
Snake:1:  layout_basic, serial_bayou_pond_e, st_stairs_1
Snake:2:  layout_rooms, serial_shops, shop, minmay_shoptagon
Snake:3:  layout_gridlike, ebering_ghost_inner_flame
Snake:4:  grunt_snake_rune_serpentine_throne, layout_onion,
          serial_bayou_lagoon_a
Slime:1:  layout_caves
Slime:2:  layout_caves
Slime:3:  layout_caves
Slime:4:  layout_caves
Slime:5
Orc:1:    layout_diamond_mine, enter_bailey_5
Orc:2:    st_orc_town, layout_diamond_mine, uniq_donald
Elf:1:    eino_elf_arrival_sip, layout_loops_ring, serial_shops, shop,
          hangedman_elf_disciples, uniq_jorgrun
Elf:2:    layout_geoelf_grid
Elf:3:    grunt_elf_hall_asides, layout_loops_corners, basic_altar,
          minmay_misc_feat_ornament
Vaults:1: grunt_vaults_swirl, ontoclasm_vaults_decontamination, v_misc_4,
          hangedman_vaults_snaps, v_alt_pattern_4, nicolae_vaults_alarming,
          hangedman_vaults_slice, layout_vaults_omnigrid, serial_shops, shop
Vaults:2: v_rooms_2, nicolae_vaults_network_quinsquares
          [nicolae_vaults_network_quincunx_subvault,
          nicolae_vaults_network_quincunx_subvault,
          nicolae_vaults_network_quincunx_subvault,
          nicolae_vaults_network_quincunx_subvault], hangedman_vaults_unwind,
          v_rooms_4, minmay_crypt_entry_necro_gods, nicolae_vaults_puzzle_piece,
          dpeg_vaults_monster_box, vaults_room_door_ring, st_lattice,
          ontoclasm_vaults_twist, layout_vaults_omnicross
Vaults:3: ontoclasm_vaults_hangar, ontoclasm_vaults_eye,
          hangedman_vaults_river_flow, vaults_room_stairs_pillars, v_misc_9,
          nicolae_vaults_arrows, hangedman_vaults_stream, v_misc_18,
          nicolae_vaults_diagonal_hallway_7, layout_vaults_omnibox,
          portal_desolation_entry_nicolae_slug, serial_shops,
          nicolae_shop_window_shopping, nicolae_shop_stone, shop, shop,
          uniq_jory
Vaults:4: v_misc_4, v_misc_19, v_misc_8, vaults_room_door_ring, v_pattern_3,
          v_rooms_1, vaults_mumra_chevron, v_misc_27,
          nicolae_vaults_yaktaur_gun_rack, vaults_mumra_hexcomb,
          layout_vaults_big_room
Vaults:5
Crypt:1:  layout_regular_city, ebering_ghost_gozag, st_chilly_death,
          grunt_crypt_arrival_split, grunt_megastairs_4, uniq_khufu, uniq_sojobo
Crypt:2:  layout_chaotic_city
Crypt:3:  cryptofortress_bobbens, uniq_margery, uniq_boris
Tomb:1:   uniq_mara
Tomb:2
Tomb:3
Depths:1: minmay_concentric_multi, layout_cave_shapes, enter_ziggurat_b,
          hell_entry, minmay_misc_feat_alley, special_room [special_room_jelly],
          st_stairs_3, zin_academy, minmay_shop_star
Depths:2: kennysheep_windowed_halls, layout_cave_pools, grunt_hell_entry_dis_mu,
          abyss_entry_flame_altar, rand_demon_pan_entry_5, nrook_uturn,
          hangedman_aviary
Depths:3: ragdoll_tomb_raider, layout_twisted_cross, grunt_pan_entry_zigzag,
          grunt_decor_fettered, hell_entry, infiniplex_staircase_x
Depths:4: nzn_winding_woodlands_three_and_one
          [nzn_winding_woodlands_5x15_crooked, nzn_winding_woodlands_5x15_cabin,
          nzn_winding_woodlands_5x15_parted,
          nzn_winding_woodlands_center_garden], layout_gridlike, abyss_entry,
          hangedman_geh_valley, lemuel_statue_altar, st_stairs_9,
          minmay_shop_grove, infiniplex_staircase_star
Depths:5: evilmike_zot_entry_basic, layout_cave_shapes, minmay_misc_feat_roman,
          hangedman_coc_ice_floe
Hell
Dis:1:    layout_chaotic_city
Dis:2:    layout_overlapping_boxes
Dis:3:    layout_jigsaw
Dis:4:    layout_regular_city
Dis:5:    layout_subdivisions, lemuel_elevator
Dis:6:    layout_chaotic_city
Dis:7:    iron_city_of_dis [dis_mu, dis_wall_2], layout_chaotic_city
Geh:1:    layout_gehenna_pools_basic
Geh:2:    layout_gehenna_lava_caves, evilmike_ambush
          [evilmike_ambush_outer_basic, evilmike_ambush_inner_basic]
Geh:3:    layout_gehenna_lava_caves
Geh:4:    layout_gehenna_lava_caves
Geh:5:    layout_gehenna_pools_triple
Geh:6:    layout_gehenna_pools_box, hangedman_elemental_grid_stream
Geh:7:    geh_grunt
Coc:1:    layout_ice_bergs
Coc:2:    layout_cocytus_water_paths
Coc:3:    layout_ice_bergs
Coc:4:    layout_ice_bergs
Coc:5:    layout_cocytus_water_paths
Coc:6:    layout_ice_bergs
Coc:7:    coc_hangedman
Tar:1:    layout_catacombs, grunt_megastairs_2
Tar:2:    layout_grid_maze, grunt_megastairs_5
Tar:3:    layout_cathedral_of_symmetry, nicolae_tar_cuneiform_sun,
          grunt_megastairs_3
Tar:4:    layout_grid_maze
Tar:5:    layout_grid_maze, hangedman_tartarus_temple_path
Tar:6:    layout_cathedral_of_symmetry
Tar:7:    tar_old
Zot:1:    kennysheep_blocky_room, layout_misc_corridors
Zot:2:    layout_gridlike, uniq_tiamat
Zot:3:    layout_basic, basic_altar, st_single_dragon_hoard_1
Zot:4:    grunt_zot_stairs_faceoff, layout_gridlike, zot_minivault_1
Zot:5:    layout_onion

Skill      XL: |  1  2  3  4  5  6  7  8  9 10 11 12 13 14 15 16 17 18 19 20 21 22 23 24 25 26 27 |
---------------+----------------------------------------------------------------------------------+-----
Shields        | 4 7 8 9 10 11 12 13 15 16 27 | 27.0
Maces & Flails | 3 6 7 8 9 11 12 13 14 15 | 15.3
Armour         | 4 7 8 9 10 11 12 13 14 15 16 17 18 27 | 27.0
Dodging        | 1 4 5 6 7 8 9 10 11 12 13 14 26 | 26.0
Fighting       | 7 8 9 10 11 12 13 14 15 16 17 18 19 20 27 | 27.0
Invocations    | 1 2 4 5 7 26 | 26.4
Axes           | 1 4 5 6 8 9 10 11 12 13 14 15 | 15.0
Polearms       | 1 3 4 5 6 8 9 10 | 10.2
Stealth        | 1 |  1.2
Evocations     | 1 3 4 6 7 9 10 11 12 13 14 22 | 22.9
Long Blades    | 1 5 7 8 10 11 16 | 16.6
Spellcasting   | 14 | 14.0

Action                   |  1- 3 |  4- 6 |  7- 9 | 10-12 | 13-15 | 16-18 | 19-21 | 22-24 | 25-27 || total
-------------------------+-------+-------+-------+-------+-------+-------+-------+-------+-------++-------
Melee: Flail             |   149 |   141 |   353 |   210 |       |       |       |       |       ||   853
       Unarmed           |       |       |     2 |       |       |    22 |       |       |       ||    24
       Morningstar       |       |       |       |   451 |  1187 |   588 |   478 |       |       ||  2704
       Lance             |       |       |       |       |    24 |    97 |    66 |    28 |   663 ||   878
       Broad axe         |       |       |       |       |     8 |   177 |  1067 |  1616 |  9076 || 11944
       Scimitar          |       |       |       |       |       |       |       |    55 |       ||    55
       Eveningstar       |       |       |       |       |       |       |       |       |  2376 ||  2376
 Fire: Hunting sling     |       |       |     6 |    11 |       |       |       |       |       ||    17
Throw: Boomerang         |       |       |       |     2 |       |       |       |       |       ||     2
       Dart              |       |       |       |     4 |       |       |       |       |       ||     4
Invok: Heroism           |       |       |       |       |    11 |     5 |    15 |     7 |     5 ||    43
       Finesse           |       |       |       |       |     7 |     5 |     7 |     3 |     4 ||    26
       Cleansing Flame   |       |       |       |       |       |       |       |       |     7 ||     7
       Summon Divine War |       |       |       |       |       |       |       |       |     4 ||     4
       Brand Weapon With |       |       |       |       |       |       |       |       |     1 ||     1
Evoke: Wand              |       |       |     4 |       |     7 |     1 |       |       |    11 ||    23
       Lightning rod     |       |       |       |       |       |       |       |       |     4 ||     4
       Condenser vane    |       |       |       |       |       |       |       |       |     3 ||     3
  Use: Scroll            |       |    10 |       |     9 |     5 |     1 |     3 |     8 |    40 ||    76
       Potion            |       |     2 |     3 |     5 |    15 |     2 |    14 |     5 |    67 ||   113
 Stab: Invisible         |       |       |       |       |     3 |       |       |       |       ||     3
       Distracted        |       |       |       |       |     2 |       |     1 |       |       ||     3
       Petrifying        |       |       |       |       |       |       |     1 |       |       ||     1
Armor: Scale mail        |   108 |    84 |   191 |   331 |   385 |    66 |       |       |       ||  1165
       Plate armour      |       |       |       |       |       |    82 |       |       |       ||    82
       Crystal plate arm |       |       |       |       |       |   349 |  1322 |  1053 |  5255 ||  7979
Dodge: Dodged            |    73 |    55 |   120 |   235 |   363 |   233 |   514 |   758 |  4345 ||  6696
Block: Kite shield       |   124 |    83 |   241 |   515 |  1094 |   800 |  1311 |  1159 |  8747 || 14074
       Reflection        |       |       |       |     3 |    24 |    24 |    66 |    23 |    16 ||   156
       Other             |       |       |       |       |       |    10 |       |       |       ||    10
       Rpst.: Scimitar   |       |       |       |       |       |       |       |     1 |       ||     1

Table legend: (Time is in decaauts)
 A = Elapsed time spent in this place.
 B = Non-inter-level travel time spent in this place.
 C = Inter-level travel time spent in this place.
 D = Time resting spent in this place.
 E = Time spent auto-exploring this place.
 F = Levels seen in this place.
 G = Mean time per level.
                   A        B        C        D        E       F      G
               +--------+--------+--------+--------+--------+-----+--------+
         Total | 114619 | 101795 |  12824 |  16251 |  38509 | 112 | 1023.4 |
       Dungeon |  24140 |  18812 |   5328 |   3657 |   9078 |  15 | 1609.3 |
        Temple |    126 |    126 |      0 |     30 |     75 |   1 |  126.0 |
          Lair |  11515 |  10454 |   1061 |   2997 |   4341 |   6 | 1919.2 |
         Swamp |   4015 |   3840 |    175 |   1194 |   1445 |   4 | 1003.8 |
     Snake Pit |   5400 |   4675 |    725 |    682 |   1747 |   4 | 1350.0 |
    Slime Pits |   2072 |   2068 |      4 |    625 |    346 |   5 |  414.4 |
  Orcish Mines |   3526 |   3131 |    395 |   1019 |    661 |   2 | 1763.0 |
   Elven Halls |   2883 |   2615 |    268 |      0 |   1605 |   3 |  961.0 |
        Vaults |   8930 |   7384 |   1546 |    109 |   4380 |   5 | 1786.0 |
         Crypt |   4368 |   3715 |    653 |    391 |   1091 |   3 | 1456.0 |
          Tomb |   4072 |   3986 |     86 |   1284 |     66 |   3 | 1357.3 |
        Depths |   8009 |   6484 |   1525 |    962 |   2494 |   5 | 1601.8 |
          Hell |    772 |    724 |     48 |      0 |    240 |   1 |  772.0 |
           Dis |   3871 |   3829 |     42 |     84 |   1401 |   7 |  553.0 |
       Gehenna |   3123 |   3015 |    108 |     34 |   1237 |   7 |  446.1 |
       Cocytus |   2757 |   2677 |     80 |     57 |   1008 |   7 |  393.9 |
      Tartarus |   4172 |   4150 |     22 |    190 |   2469 |   7 |  596.0 |
           Zot |   6103 |   5349 |    754 |   1015 |   2164 |   5 | 1220.6 |
         Abyss |   2006 |   2006 |      0 |    305 |     23 |   8 |  250.8 |
   Pandemonium |   9021 |   9021 |      0 |    239 |   2468 |  10 |  902.1 |
       Ossuary |    475 |    475 |      0 |      0 |      0 |   1 |  475.0 |
        Bailey |    357 |    357 |      0 |      0 |      0 |   1 |  357.0 |
      Ice Cave |   1842 |   1842 |      0 |   1255 |      0 |   1 | 1842.0 |
    Desolation |   1053 |   1053 |      0 |    117 |    167 |   1 | 1053.0 |
               +--------+--------+--------+--------+--------+-----+--------+

Top non-repeatable levels by time:
  Lair:6: 3030 daAuts
     D:8: 2555 daAuts
   Orc:2: 2479 daAuts
  Lair:1: 2347 daAuts
     D:6: 2277 daAuts
Vaults:5: 2133 daAuts
    D:12: 2108 daAuts
Depths:1: 2059 daAuts
Vaults:1: 2049 daAuts
   Zot:4: 1999 daAuts
  Lair:3: 1942 daAuts
  Tomb:1: 1931 daAuts
     D:3: 1881 daAuts
     D:2: 1854 daAuts
   IceCv: 1842 daAuts
